 Dungeon Crawl Stone Soup version 0.30.0-20-g3615ddf2f0 (webtiles) character file.

Game seed: 3444387297915691285

271924 qw the Peltast (level 20, -4/136 HPs)
             Began as a Gargoyle Fighter on May 27, 2023.
             Was a High Priest of Okawaru.
             Slain by a swamp dragon (13 damage)
             ... called by a spriggan druid
             ... on level 4 of the Swamp on May 28, 2023.
             The game lasted 01:36:11 (62552 turns).

qw the Peltast (Gargoyle Fighter)                  Turns: 62552, Time: 01:36:11

Health: -4/136     AC: 51    Str: 34    XL:     20   Next: 65%
Magic:  7/9        EV: 12    Int:  6    God:    Okawaru [*****.]
Gold:   1258       SH: 28    Dex:  7    Spells: 19/19 levels left

rFire   + . .        D - +2 broad axe "Reezai" {antimagic, rElec rN+ Int-5}
rCold   + . .        G - +1 tower shield {AC+3}
rNeg    + + +        z - +2 pearl dragon scales
rPois   inf          k - +2 helmet
rElec   +            x - +0 cloak
rCorr   .            h - +0 pair of gloves "Xalih" {rPois Regen+ Str+7 Dex-4}
SInv    +            n - +0 pair of boots {rF+}
Will    +++..        m - amulet of reflection
Stlth   ++           I - ring "Senovu" {rC+ Will++}
HPRegen 1.22/turn    s - ring of see invisible
MPRegen 0.11/turn

%: reflection, clarity
@: about to teleport, heroic, flying
A: sickness immunity, AC +15, big wings, negative energy resistance 1,
electricity resistance, torment resistance 1, petrification resistance,
iridescent scales 1, thin skeletal structure 1, clarity
}: 1/15 runes: gossamer
a: Renounce Religion, Heroism, Finesse, Duel


You were on level 4 of the Swamp.
You worshipped Okawaru.
Okawaru was extremely pleased with you.
You visited 7 branches of the dungeon, and saw 35 of its levels.
You also visited: Sewer.

You collected 3522 gold pieces.
You spent 2264 gold pieces at shops.


Innate Abilities, Weirdness & Mutations

You are immune to sickness and miasma.
Your stone body is resilient. (AC +15)
You are immune to poison.
Your large and strong wings let you fly.
You resist negative energy. (rN+)
You are resistant to electric shocks. (rElec)
You are resistant to unholy torment.
You are immune to petrification.
You are partially covered in iridescent scales. (AC +2)
You have a somewhat thin skeletal structure. (Dex +2, Stealth+)
You possess an exceptional clarity of mind.


   Skills:
 - Level 18.0(23.0) Fighting
 - Level 18.0(23.0) Axes
 - Level 10.0(15.0) Throwing
 + Level 16.0(21.0) Armour
 - Level 4.1(9.1) Dodging
 - Level 20.0(25.0) Shields
 - Level 10.0 Invocations


You had 19 spell levels left.
You didn't know any spells.
Your spell library was empty.

Inventory:

Hand Weapons
 D - the +2 broad axe "Reezai" (weapon) {antimagic, rElec rN+ Int-5}
   (You acquired it on level 12 of the Dungeon)

   Int:       It affects your intelligence (-5).
   rElec:     It insulates you from electricity.
   rN:        It protects you from negative energy.
Missiles
 B - 8 javelins (quivered)
 H - 5 boomerangs of dispersal
Armour
 e - +0 acid dragon scales
 h - the +0 pair of gloves "Xalih" (worn) {rPois Regen+ Str+7 Dex-4}
   (You acquired it in a sewer)

   Str:       It affects your strength (+7).
   Dex:       It affects your dexterity (-4).
   rPois:     It protects you from poison.
   Regen:     It increases your rate of health regeneration.
 k - a +2 helmet (worn)
 n - a +0 pair of boots of fire resistance (worn)
 p - +3 fire dragon scales
 r - a +2 plate armour of fire resistance
 x - a +0 cloak (worn)
 z - +2 pearl dragon scales (worn)
 F - a +2 pair of boots
 G - a +1 tower shield of protection (worn)
Jewellery
 j - a ring of protection from cold
 m - an amulet of reflection (around neck)
 s - a ring of see invisible (right hand)
 w - a +6 ring of dexterity
 y - a ring of protection from fire
 C - a ring of resist corrosion
 E - the ring of Zuog {rF- rN+ Will+ rCorr}
   (You took it off a tengu reaver on level 4 of the Vaults)

   [ring of willpower]

   rF:        It makes you vulnerable to fire.
   rN:        It protects you from negative energy.
   rCorr:     It protects you from acid and corrosion.
   Will:      It increases your willpower.
 I - the ring "Senovu" (left hand) {rC+ Will++}
   (You found it on level 2 of the Swamp)

   [ring of protection from cold]

   rC:        It protects you from cold.
   Will:      It greatly increases your willpower.
Scrolls
 g - 2 scrolls of brand weapon
 o - 22 scrolls of identify
 t - a scroll of teleportation
 L - a scroll of enchant weapon
Potions
 a - 4 potions of mutation
 b - 16 potions of curing
 c - a potion of heal wounds
 d - 5 potions of might
 f - 5 potions of resistance
 l - 5 potions of lignification
 u - 6 potions of cancellation
 v - 7 potions of haste
 A - 5 potions of attraction
 J - 3 potions of magic

Dungeon Overview and Level Annotations

Branches:
Dungeon (15/15)            Temple (1/1) D:5            Lair (5/5) D:8
  Swamp (4/4) Lair:3       Spider (4/4) Lair:2        Slime (0/5) Lair:4
    Orc (2/2) D:11            Elf (0/3) Orc:2        Vaults (4/5) D:14
  Crypt (0/3) Vaults:3     Depths (0/4) D:15          Sewer (visited)

Altars:
Ashenzari
Cheibriados
Dithmenos
Elyvilon
Fedhas
Gozag
Hepliaklqana
Kikubaaqudgha
Makhleb
Nemelex Xobeh
Okawaru
Qazlal
Ru
Sif Muna
Trog
Uskayaw
Vehumet
Wu Jian
Xom
Yredelemnul
Zin
The Shining One
Jiyva

Shops:
D:2 (   D:7 [   D:8 *   D:10 **   Orc:2 *[(!

Annotations:
D:3 1 runed translucent door, qw's ghost, amateur GrFi
D:13 1 runed translucent door, Dirphi Vium's ghost, journeyman MiBe
Spider:4 3 runed translucent doors, cfbundy's ghost, adept FoFi
Vaults:2 1 transporter
Vaults:4 3 runed translucent doors, hyperkahler's ghost, veteran MiFi


Message History

You resist. The 12-headed hydra bites you! The 12-headed hydra bites you.
The 12-headed hydra bites you but does no damage.
You block the 12-headed hydra's attack.
The 12-headed hydra bites you but does no damage. x4
The 12-headed hydra bites you!!
The 12-headed hydra bites you but does no damage.
The 12-headed hydra bites you! The 12-headed hydra bites you.
You hear a roar!
You hear a deafening roar!
You hear a roar!
You hear a shout!
62551 ||| INVOKING Heroism.
You gain the combat prowess of a mighty hero.
You block the seven-headed hydra's attack. x2
The seven-headed hydra bites you!
The seven-headed hydra bites you but does no damage.
You block the seven-headed hydra's attack.
The seven-headed hydra bites you!
You block the seven-headed hydra's attack.
The swamp dragon closely misses you.
The swamp dragon claws you but does no damage.
The swamp dragon barely misses you. The 12-headed hydra closely misses you.
The 12-headed hydra bites you but does no damage.
The 12-headed hydra bites you.
The 12-headed hydra bites you but does no damage.
You block the 12-headed hydra's attack.
The 12-headed hydra bites you but does no damage. x2
The 12-headed hydra closely misses you.
The 12-headed hydra bites you but does no damage.
The 12-headed hydra bites you!
The 12-headed hydra bites you but does no damage. x2
62552 ||| READING 2 scrolls of teleportation.
As you read the scroll of teleportation, it crumbles to dust.
You feel strangely unstable. The seven-headed hydra bites you.
You block the seven-headed hydra's attack. x2
The seven-headed hydra closely misses you.
The seven-headed hydra bites you but does no damage.
You block the seven-headed hydra's attack.
The seven-headed hydra closely misses you.
A seven-headed hydra comes into view.
The swamp dragon bites you!
You die...

777.~...¤....~
~~.~~~.7...~~~~~~~~~~$.~
.<~~~~...~..~~~...~~~...
~~~~~7~7.~.~~~~.<.~~~~7
~...~~~~~~7.~~~¤~¤~~~~7
...7~~~~~77.~~~~~~~~~~77
~.~~~~~~~~7.~~~~0~~~~.~~
.~.7~~~~~~.7~~~000~~~.~~
~~~~7~~~~~~77...@0..D¤~~
~¤~%~77..~777..DDD~~7~D7
~~~~~%~...77...0~[.77
.777~..~..77..~.~.¤7 ~7
77~...........¤7~7 .7
7....~.~~~~~~~.¤7
77777.....~~~~~~~~~[7
~~.~..~~.~~.~...~~¤~7
~....~.~~..77~..~..~7


You could see a 12-headed hydra (strong), 2 seven-headed hydras and 2 swamp
dragons.

Vanquished Creatures
  Boris (Vaults:2)
  Rupert (D:14)
  Zenata (Vaults:4)
  A lich (Vaults:1)
  A quicksilver dragon (Vaults:4)
  Frances (Swamp:2)
  4 sphinxes
  A tengu reaver (Vaults:4)
  3 emperor scorpions
  3 ghost moths (Spider:4)
  Louise (D:14)
  12 vault wardens
  2 ghouls
  16 ironbound preservers
  5 broodmothers (Spider:4)
  A stone giant (Vaults:4)
  2 very ugly things (Vaults:2)
  A war gargoyle (Vaults:4)
  10 ironbound thunderhulks
  4 eleionomae
  2 bunyips
  15 dire elephants
  2 spark wasps
  2 ettins
  A deep elf death mage (Vaults:3)
  A crystal guardian (Vaults:4)
  6 great orbs of eyes
  11 yaktaur captains
  3 entropy weavers
  A rakshasa (D:15)
  10 vault guards
  10 hydras
  An ogre mage (Vaults:3)
  Erica (D:10)
  A jorogumo (Spider:2)
  A catoblepas (D:14)
  A peacekeeper (Vaults:4)
  3 ghost crabs
  11 death yaks
  8 alligators
  10 centaur warriors
  11 boulder beetles
  7 ironbound frosthearts
  A two-headed ogre (D:12)
  A tengu warrior (D:13)
  2 death knights
  Urug (D:12)
  4 goliath frogs
  A spectral death yak (Lair:5)
  A sun moth (Spider:2)
  A skeletal warrior (Vaults:3)
  3 pharaoh ants
  8 orb spiders
  A death drake (Swamp:3)
  An obsidian statue (Lair:5)
  A spectral anaconda (Lair:5)
  33 deep trolls
  7 wizards
  2 spriggan druids
  Pikel (D:7)
  A glowing orange brain (Vaults:2)
  16 lindwurms
  11 bog bodies
  2 swamp dragons
  2 spectral hydras (Lair:3)
  9 necromancers
  15 ironbound convokers
  A deep elf pyromancer (D:14)
  A harpy (shapeshifter) (D:15)
  23 wolf spiders
  5 steelbarb worms
  34 ugly things
  An orc knight (Orc:2)
  4 will-o-the-wisps
  5 manticores
  A phantasmal warrior (Vaults:3)
  4 cyclopes
  2 moths of wrath (Spider:4)
  A dire elephant zombie (Lair:5)
  7 elephants (Lair:5)
  A moth of wrath (shapeshifter) (Vaults:4)
  14 vault sentinels
  A black mamba (Lair:5)
  5 gargoyles
  8 torpor snails
  10 cane toads
  6 demonic crawlers
  11 komodo dragons
  2 unseen horrors
  2 efreet
  3 kobold demonologists (D:14)
  20 yaktaurs
  A yaktaur zombie (Vaults:2)
  Psyche (D:11)
  2 freezing wraiths
  2 tengu conjurers (D:15)
  3 meliai (D:13)
  8 trolls
  3 hydra zombies (Swamp:3)
  A bloated husk (Swamp:1)
  3 polar bears
  9 tyrant leeches
  A snapping turtle (shapeshifter) (D:15)
  A spectral lindwurm (Lair:3)
  32 tarantellas
  An ettin zombie (Vaults:2)
  A hornet (D:7)
  9 blink frogs
  4 dream sheep (Lair:5)
  32 jumping spiders
  3 spectral elephants
  A deep troll zombie (Vaults:2)
  A spectral dream sheep (Lair:3)
  2 shadows
  A jumping spider (shapeshifter) (D:14)
  A centaur simulacrum (D:14)
  22 culicivoras
  33 slime creatures
  10 wyverns
  Eustachio (D:5)
  5 wraiths
  43 yaks
  2 death yak simulacra (Lair:5)
  16 humans (D:14)
  3 basilisks
  5 steam dragons
  46 redbacks
  A spectral komodo dragon (Lair:3)
  13 vampire mosquitoes
  3 wargs
  13 swamp worms
  Duvessa (D:7)
  2 acid dragons
  10 water moccasins
  2 swamp drakes
  A human skeleton (Vaults:2)
  39 orc warriors
  A human zombie (Vaults:2)
  An ice beast (D:7)
  4 ogres
  3 black bears
  2 boggarts
  34 wolves
  23 centaurs
  An elephant skeleton (Lair:5)
  A lemure (D:7)
  A phantom (D:7)
  9 kobold brigands
  10 bullfrogs
  4 necrophages (Swamp:2)
  3 cane toad simulacra (Lair:5)
  9 scorpions
  13 wights
  Dowan (D:7)
  12 killer bees
  An oklob sapling (D:5)
  3 electric eels (D:9)
  3 howler monkeys
  A quasit (D:7)
  3 hounds
  6 jellies
  5 gnoll boudas
  13 orc priests
  Ijyb (D:5)
  Jessica (D:3)
  2 iguanas (D:5)
  2 sleepcaps
  Natasha (thrice) (D:3)
  21 orc wizards
  Robin (D:5)
  18 gnolls
  11 adders
  2 river rats (Sewer)
  3 shadow imps (D:7)
  4 white imps
  3 ufetubi
  5 worms
  2 dart slugs
  72 orcs
  5 ball pythons
  12 endoplasms
  11 giant cockroaches
  12 goblins
  8 hobgoblins
  4 jackals (D:1)
  24 kobolds
  5 quokkas
  8 bats
  10 frilled lizards
  6 rats
  A butterfly (Lair:3)
1305 creatures vanquished.

Vanquished Creatures (others)
  A bloated husk (Swamp:1)
  A howler monkey (D:7)
  10 foxfires
12 creatures vanquished.

Grand Total: 1317 creatures vanquished

Notes
Turn   | Place    | Note
-------+----------+-------------------------------------------
     0 | D:1      | qw the Gargoyle Fighter began the quest for the Orb.
     0 | D:1      | Reached XP level 1. HP: 14/14 MP: 1/1
     0 | D:1      | 0 ||| qw: Version: 0.2-a-100-g82d14c3
     0 | D:1      | 0 ||| qw: Game counter: 204
     0 | D:1      | 0 ||| qw: Always use a shield: true
     0 | D:1      | 0 ||| qw: God list: Okawaru
     0 | D:1      | 0 ||| qw: Allow faded altars: false
     0 | D:1      | 0 ||| qw: Do Orc after D:15 true
     0 | D:1      | 0 ||| qw: Do second Lair branch before Depths: true
     0 | D:1      | 0 ||| qw: Lair rune preference: random
     0 | D:1      | 0 ||| qw: Plans: Normal, Zot:1-4, God:TSO, Crypt, Tomb,
                  | Pan, Slime:5, Hells, Abyss, Win
     0 | D:1      | 0 ||| PLANNING D:1-11
    88 | D:1      | 88 ||| Stepping ~*~*~tactically~*~*~ (stealth).
    90 | D:1      | 90 ||| Stepping ~*~*~tactically~*~*~ (stealth).
   326 | D:1      | Reached XP level 2. HP: 15/19 MP: 2/2
   851 | D:1      | 851 ||| UPGRADING to ring of protection from cold.
   852 | D:1      | 852 ||| READING scroll labelled OSSOSHOAFIT.
   853 | D:1      | 853 ||| READING scroll labelled QURAJE QUNI.
   854 | D:1      | 854 ||| DRINKING 2 bubbling pink potions.
   855 | D:1      | 855 ||| DROPPING potion of degeneration.
   949 | D:2      | 949 ||| Stepping ~*~*~tactically~*~*~ (stealth).
   964 | D:2      | Reached skill level 3 in Axes
   999 | D:2      | Reached XP level 3. HP: 18/23 MP: 3/3
  1006 | D:2      | 1006 ||| FLEEEEING.
  1007 | D:2      | 1007 ||| FLEEEEING.
  1008 | D:2      | 1008 ||| FLEEEEING.
  1009 | D:2      | 1009 ||| FLEEEEING.
  1054 | D:2      | 1054 ||| DROPPING +0 club.
  1114 | D:2      | Found Souckin's Antique Weapon Boutique.
  1135 | D:2      | 1135 ||| SHOPLISTING glowing hand axe (114 gold, have 33).
  1135 | D:2      | 1135 ||| SHOPLISTING runed flail (123 gold, have 33).
  1166 | D:2      | 1166 ||| Stepping ~*~*~tactically~*~*~ (hiding).
  1302 | D:2      | 1302 ||| Stepping ~*~*~tactically~*~*~ (stealth).
  1312 | D:2      | Found a faded altar of an unknown god.
  1633 | D:2      | 1633 ||| READING scroll labelled ISUTON NAEHI.
  1634 | D:2      | 1634 ||| READING scroll labelled NIMI PU KUM.
  1672 | D:3      | Reached XP level 4. HP: 24/28 MP: 4/4
  2028 | D:3      | Noticed Natasha
  2033 | D:3      | Killed Natasha
  2034 | D:3      | Reached XP level 5. HP: 31/32 MP: 5/5
  2039 | D:3      | Noticed Natasha
  2044 | D:3      | Killed Natasha
  2236 | D:3      | Noticed Natasha
  2245 | D:3      | Killed Natasha
  2246 | D:3      | Reached skill level 1 in Dodging
  2246 | D:3      | Reached XP level 6. HP: 30/38 MP: 6/6
  2381 | D:3      | Found a runed translucent door.
  2381 | D:3      | Noticed qw's ghost (amateur GrFi)
  2400 | D:3      | Noticed Jessica
  2408 | D:3      | Killed Jessica
  2651 | D:3      | 2651 ||| UPGRADING to +0 helmet.
  2656 | D:3      | 2656 ||| READING scroll labelled INTAVE RAOR.
  2660 | D:3      | 2660 ||| READING 2 scrolls labelled ROUFON EPYOLUOT.
  2661 | D:3      | 2661 ||| READING scroll of enchant armour.
  2661 | D:3      | 2661 ||| ENCHANTING +0 helmet.
  2662 | D:3      | 2662 ||| DRINKING 2 orange potions.
  2663 | D:3      | 2663 ||| DRINKING 3 sapphire potions.
  2664 | D:3      | 2664 ||| DRINKING 2 bubbling yellow potions.
  2706 | D:3      | 2706 ||| DROPPING potion of magic.
  2763 | D:4      | 2763 ||| PLANNING SEWER
  3214 | D:4      | Found a hide-covered altar of Uskayaw.
  3243 | D:4      | Found a glowing drain.
  3244 | D:4      | 3244 ||| READING scroll labelled AGUSSE EQIPTALL.
  3253 | Sewer    | Entered a sewer
  3271 | Sewer    | 3271 ||| Stepping ~*~*~tactically~*~*~ (water).
  3367 | Sewer    | 3367 ||| Stepping ~*~*~tactically~*~*~ (water).
  3464 | Sewer    | Found a viscous altar of Jiyva.
  3495 | Sewer    | 3495 ||| Stepping ~*~*~tactically~*~*~ (water).
  3561 | Sewer    | Reached skill level 6 in Axes
  3584 | Sewer    | 3584 ||| READING scroll labelled NIX HYMEITH.
  3584 | Sewer    | Identified a scroll of acquirement
  3584 | Sewer    | 3584 ||| ACQUIRING +0 pair of gloves "Xalih" {rPois Regen+
                  | Str+7 Dex-4}
  3584 | Sewer    | Acquired the +0 pair of gloves "Xalih" {rPois Regen+ Str+7
                  | Dex-4}
  3586 | Sewer    | 3586 ||| UPGRADING to +0 pair of gloves "Xalih" {rPois
                  | Regen+ Str+7 Dex-4}.
  3591 | Sewer    | 3591 ||| DRINKING 2 green potions.
  3591 | Sewer    | Gained mutation: You have a somewhat thin skeletal
                  | structure. (Dex +2, Stealth+) [potion of mutation]
  3591 | Sewer    | Gained mutation: You are partially covered in iridescent
                  | scales. (AC +2) [potion of mutation]
  3591 | Sewer    | Gained mutation: You possess an exceptional clarity of
                  | mind. [potion of mutation]
  3607 | D:4      | 3607 ||| PLANNING D:1-11
  3857 | D:4      | Reached XP level 7. HP: 43/43 MP: 7/7
  3898 | D:5      | Entered Level 5 of the Dungeon
  3915 | D:5      | 3915 ||| Stepping ~*~*~tactically~*~*~ (stealth).
  3967 | D:5      | 3967 ||| DROPPING +0 mace.
  3979 | D:5      | 3979 ||| Stepping ~*~*~tactically~*~*~ (stealth).
  4034 | D:5      | 4034 ||| Stepping ~*~*~tactically~*~*~ (stealth).
  4059 | D:5      | 4059 ||| Stepping ~*~*~tactically~*~*~ (hiding).
  4100 | D:5      | Reached XP level 8. HP: 49/49 MP: 8/8
  4135 | D:5      | Noticed Robin
  4136 | D:5      | Noticed Ijyb
  4136 | D:5      | 4136 ||| Stepping ~*~*~tactically~*~*~ (stealth).
  4140 | D:5      | 4140 ||| Stepping ~*~*~tactically~*~*~ (hiding).
  4145 | D:5      | Killed Ijyb
  4148 | D:5      | Killed Robin
  4193 | D:5      | Noticed Eustachio
  4219 | D:5      | Killed Eustachio
  4306 | D:5      | You fall into a shaft and drop 1 floor!
  4592 | D:6      | Found a shimmering altar of Xom.
  4658 | D:6      | 4658 ||| Stepping ~*~*~tactically~*~*~ (hiding).
  4662 | D:6      | 4662 ||| Stepping ~*~*~tactically~*~*~ (hiding).
  4692 | D:6      | 4692 ||| Stepping ~*~*~tactically~*~*~ (stealth).
  4698 | D:6      | Reached skill level 6 in Fighting
  4704 | D:6      | 4704 ||| READING 2 scrolls labelled CIN BEPEINYAFO.
  4705 | D:6      | 4705 ||| READING scroll labelled ZOUM QEWNAR.
  4706 | D:6      | 4706 ||| DRINKING 2 lumpy sapphire potions.
  4707 | D:6      | 4707 ||| READING 3 scrolls of identify.
  4707 | D:6      | 4707 ||| IDENTIFYING pink potion
  4708 | D:6      | 4708 ||| READING 2 scrolls of identify.
  4708 | D:6      | 4708 ||| IDENTIFYING white potion
  4709 | D:6      | 4709 ||| DROPPING potion of brilliance.
  4710 | D:6      | 4710 ||| DROPPING scroll of amnesia.
  4711 | D:6      | 4711 ||| DROPPING potion of invisibility.
  4772 | D:5      | Reached skill level 9 in Axes
  4946 | D:5      | Found a staircase to the Ecumenical Temple.
  4947 | D:5      | 4947 ||| PLANNING TEMPLE
  4948 | D:5      | 4948 ||| FLEEEEING.
  4968 | D:5      | 4968 ||| FLEEEEING.
  4988 | D:5      | 4988 ||| FLEEEEING.
  5008 | D:5      | 5008 ||| FLEEEEING.
  5028 | D:5      | 5028 ||| FLEEEEING.
  5048 | D:5      | 5048 ||| FLEEEEING.
  5068 | D:5      | 5068 ||| FLEEEEING.
  5088 | D:5      | 5088 ||| FLEEEEING.
  5108 | D:5      | 5108 ||| FLEEEEING.
  5128 | D:5      | 5128 ||| FLEEEEING.
  5148 | D:5      | 5148 ||| FLEEEEING.
  5168 | D:5      | 5168 ||| FLEEEEING.
  5188 | D:5      | 5188 ||| FLEEEEING.
  5208 | D:5      | 5208 ||| FLEEEEING.
  5228 | D:5      | 5228 ||| FLEEEEING.
  5248 | D:5      | 5248 ||| FLEEEEING.
  5268 | D:5      | 5268 ||| FLEEEEING.
  5288 | D:5      | 5288 ||| FLEEEEING.
  5308 | D:5      | 5308 ||| FLEEEEING.
  5328 | D:5      | 5328 ||| FLEEEEING.
  5348 | D:5      | 5348 ||| FLEEEEING.
  5368 | D:5      | 5368 ||| FLEEEEING.
  5388 | D:5      | 5388 ||| FLEEEEING.
  5408 | D:5      | 5408 ||| FLEEEEING.
  5428 | D:5      | 5428 ||| FLEEEEING.
  5448 | D:5      | 5448 ||| FLEEEEING.
  5468 | D:5      | 5468 ||| FLEEEEING.
  5488 | D:5      | 5488 ||| FLEEEEING.
  5508 | D:5      | 5508 ||| FLEEEEING.
  5528 | D:5      | 5528 ||| FLEEEEING.
  5548 | D:5      | 5548 ||| FLEEEEING.
  5568 | D:5      | 5568 ||| FLEEEEING.
  5588 | D:5      | 5588 ||| FLEEEEING.
  5608 | D:5      | 5608 ||| FLEEEEING.
  5628 | D:5      | 5628 ||| FLEEEEING.
  5648 | D:5      | 5648 ||| FLEEEEING.
  5668 | D:5      | 5668 ||| FLEEEEING.
  5688 | D:5      | 5688 ||| FLEEEEING.
  5708 | D:5      | 5708 ||| FLEEEEING.
  5728 | D:5      | 5728 ||| FLEEEEING.
  5748 | D:5      | 5748 ||| FLEEEEING.
  5768 | D:5      | 5768 ||| FLEEEEING.
  5788 | D:5      | 5788 ||| FLEEEEING.
  5808 | D:5      | 5808 ||| FLEEEEING.
  5828 | D:5      | 5828 ||| FLEEEEING.
  5848 | D:5      | 5848 ||| FLEEEEING.
  5868 | D:5      | 5868 ||| FLEEEEING.
  5888 | D:5      | 5888 ||| FLEEEEING.
  5908 | D:5      | 5908 ||| FLEEEEING.
  5928 | D:5      | 5928 ||| FLEEEEING.
  5948 | D:5      | 5948 ||| FLEEEEING.
  5968 | D:5      | 5968 ||| FLEEEEING.
  5988 | D:5      | 5988 ||| FLEEEEING.
  6008 | D:5      | 6008 ||| FLEEEEING.
  6028 | D:5      | 6028 ||| FLEEEEING.
  6048 | D:5      | 6048 ||| FLEEEEING.
  6068 | D:5      | 6068 ||| FLEEEEING.
  6088 | D:5      | 6088 ||| FLEEEEING.
  6108 | D:5      | 6108 ||| FLEEEEING.
  6128 | D:5      | 6128 ||| FLEEEEING.
  6148 | D:5      | 6148 ||| FLEEEEING.
  6168 | D:5      | 6168 ||| FLEEEEING.
  6188 | D:5      | 6188 ||| FLEEEEING.
  6208 | D:5      | 6208 ||| FLEEEEING.
  6228 | D:5      | 6228 ||| FLEEEEING.
  6248 | D:5      | 6248 ||| FLEEEEING.
  6268 | D:5      | 6268 ||| FLEEEEING.
  6288 | D:5      | 6288 ||| FLEEEEING.
  6308 | D:5      | 6308 ||| FLEEEEING.
  6328 | D:5      | 6328 ||| FLEEEEING.
  6348 | D:5      | 6348 ||| FLEEEEING.
  6368 | D:5      | 6368 ||| FLEEEEING.
  6388 | D:5      | 6388 ||| FLEEEEING.
  6408 | D:5      | 6408 ||| FLEEEEING.
  6428 | D:5      | 6428 ||| FLEEEEING.
  6448 | D:5      | 6448 ||| FLEEEEING.
  6468 | D:5      | 6468 ||| FLEEEEING.
  6488 | D:5      | 6488 ||| FLEEEEING.
  6508 | D:5      | 6508 ||| FLEEEEING.
  6528 | D:5      | 6528 ||| FLEEEEING.
  6548 | D:5      | 6548 ||| FLEEEEING.
  6568 | D:5      | 6568 ||| FLEEEEING.
  6588 | D:5      | 6588 ||| FLEEEEING.
  6608 | D:5      | 6608 ||| FLEEEEING.
  6628 | D:5      | 6628 ||| FLEEEEING.
  6648 | D:5      | 6648 ||| FLEEEEING.
  6668 | D:5      | 6668 ||| FLEEEEING.
  6688 | D:5      | 6688 ||| FLEEEEING.
  6708 | D:5      | 6708 ||| FLEEEEING.
  6728 | D:5      | 6728 ||| FLEEEEING.
  6748 | D:5      | 6748 ||| FLEEEEING.
  6768 | D:5      | 6768 ||| FLEEEEING.
  6788 | D:5      | 6788 ||| FLEEEEING.
  6808 | D:5      | 6808 ||| FLEEEEING.
  6828 | D:5      | 6828 ||| FLEEEEING.
  6848 | D:5      | 6848 ||| FLEEEEING.
  6868 | D:5      | 6868 ||| FLEEEEING.
  6888 | D:5      | 6888 ||| FLEEEEING.
  6908 | D:5      | 6908 ||| FLEEEEING.
  6928 | D:5      | 6928 ||| FLEEEEING.
  6948 | D:5      | 6948 ||| FLEEEEING.
  6968 | D:5      | 6968 ||| FLEEEEING.
  6988 | D:5      | 6988 ||| FLEEEEING.
  7008 | D:5      | 7008 ||| FLEEEEING.
  7028 | D:5      | 7028 ||| FLEEEEING.
  7048 | D:5      | 7048 ||| FLEEEEING.
  7068 | D:5      | 7068 ||| FLEEEEING.
  7088 | D:5      | 7088 ||| FLEEEEING.
  7108 | D:5      | 7108 ||| FLEEEEING.
  7128 | D:5      | 7128 ||| FLEEEEING.
  7148 | D:5      | 7148 ||| FLEEEEING.
  7168 | D:5      | 7168 ||| FLEEEEING.
  7188 | D:5      | 7188 ||| FLEEEEING.
  7208 | D:5      | 7208 ||| FLEEEEING.
  7228 | D:5      | 7228 ||| FLEEEEING.
  7248 | D:5      | 7248 ||| FLEEEEING.
  7268 | D:5      | 7268 ||| FLEEEEING.
  7288 | D:5      | 7288 ||| FLEEEEING.
  7308 | D:5      | 7308 ||| FLEEEEING.
  7328 | D:5      | 7328 ||| FLEEEEING.
  7348 | D:5      | 7348 ||| FLEEEEING.
  7368 | D:5      | 7368 ||| FLEEEEING.
  7388 | D:5      | 7388 ||| FLEEEEING.
  7408 | D:5      | 7408 ||| FLEEEEING.
  7428 | D:5      | 7428 ||| FLEEEEING.
  7448 | D:5      | 7448 ||| FLEEEEING.
  7468 | D:5      | 7468 ||| FLEEEEING.
  7488 | D:5      | 7488 ||| FLEEEEING.
  7508 | D:5      | 7508 ||| FLEEEEING.
  7528 | D:5      | 7528 ||| FLEEEEING.
  7548 | D:5      | 7548 ||| FLEEEEING.
  7568 | D:5      | 7568 ||| FLEEEEING.
  7588 | D:5      | 7588 ||| FLEEEEING.
  7608 | D:5      | 7608 ||| FLEEEEING.
  7628 | D:5      | 7628 ||| FLEEEEING.
  7648 | D:5      | 7648 ||| FLEEEEING.
  7668 | D:5      | 7668 ||| FLEEEEING.
  7688 | D:5      | 7688 ||| FLEEEEING.
  7708 | D:5      | 7708 ||| FLEEEEING.
  7728 | D:5      | 7728 ||| FLEEEEING.
  7748 | D:5      | 7748 ||| FLEEEEING.
  7768 | D:5      | 7768 ||| FLEEEEING.
  7788 | D:5      | 7788 ||| FLEEEEING.
  7808 | D:5      | 7808 ||| FLEEEEING.
  7828 | D:5      | 7828 ||| FLEEEEING.
  7848 | D:5      | 7848 ||| FLEEEEING.
  7868 | D:5      | 7868 ||| FLEEEEING.
  7888 | D:5      | 7888 ||| FLEEEEING.
  7908 | D:5      | 7908 ||| FLEEEEING.
  7928 | D:5      | 7928 ||| FLEEEEING.
  7948 | D:5      | 7948 ||| FLEEEEING.
  7968 | D:5      | 7968 ||| FLEEEEING.
  7988 | D:5      | 7988 ||| FLEEEEING.
  8008 | D:5      | 8008 ||| FLEEEEING.
  8028 | D:5      | 8028 ||| FLEEEEING.
  8048 | D:5      | 8048 ||| FLEEEEING.
  8068 | D:5      | 8068 ||| FLEEEEING.
  8088 | D:5      | 8088 ||| FLEEEEING.
  8108 | D:5      | 8108 ||| FLEEEEING.
  8128 | D:5      | 8128 ||| FLEEEEING.
  8148 | D:5      | 8148 ||| FLEEEEING.
  8168 | D:5      | 8168 ||| FLEEEEING.
  8188 | D:5      | 8188 ||| FLEEEEING.
  8208 | D:5      | 8208 ||| FLEEEEING.
  8228 | D:5      | 8228 ||| FLEEEEING.
  8248 | D:5      | 8248 ||| FLEEEEING.
  8268 | D:5      | 8268 ||| FLEEEEING.
  8288 | D:5      | 8288 ||| FLEEEEING.
  8308 | D:5      | 8308 ||| FLEEEEING.
  8328 | D:5      | 8328 ||| FLEEEEING.
  8348 | D:5      | 8348 ||| FLEEEEING.
  8368 | D:5      | 8368 ||| FLEEEEING.
  8388 | D:5      | 8388 ||| FLEEEEING.
  8408 | D:5      | 8408 ||| FLEEEEING.
  8428 | D:5      | 8428 ||| FLEEEEING.
  8448 | D:5      | 8448 ||| FLEEEEING.
  8468 | D:5      | 8468 ||| FLEEEEING.
  8488 | D:5      | 8488 ||| FLEEEEING.
  8508 | D:5      | 8508 ||| FLEEEEING.
  8528 | D:5      | 8528 ||| FLEEEEING.
  8548 | D:5      | 8548 ||| FLEEEEING.
  8568 | D:5      | 8568 ||| FLEEEEING.
  8588 | D:5      | 8588 ||| FLEEEEING.
  8608 | D:5      | 8608 ||| FLEEEEING.
  8628 | D:5      | 8628 ||| FLEEEEING.
  8648 | D:5      | 8648 ||| FLEEEEING.
  8668 | D:5      | 8668 ||| FLEEEEING.
  8688 | D:5      | 8688 ||| FLEEEEING.
  8708 | D:5      | 8708 ||| FLEEEEING.
  8728 | D:5      | 8728 ||| FLEEEEING.
  8748 | D:5      | 8748 ||| FLEEEEING.
  8768 | D:5      | 8768 ||| FLEEEEING.
  8788 | D:5      | 8788 ||| FLEEEEING.
  8808 | D:5      | 8808 ||| FLEEEEING.
  8828 | D:5      | 8828 ||| FLEEEEING.
  8848 | D:5      | 8848 ||| FLEEEEING.
  8868 | D:5      | 8868 ||| FLEEEEING.
  8888 | D:5      | 8888 ||| FLEEEEING.
  8908 | D:5      | 8908 ||| FLEEEEING.
  8928 | D:5      | 8928 ||| FLEEEEING.
  8948 | D:5      | 8948 ||| FLEEEEING.
  8968 | D:5      | 8968 ||| FLEEEEING.
  8988 | D:5      | 8988 ||| FLEEEEING.
  9008 | D:5      | 9008 ||| FLEEEEING.
  9028 | D:5      | 9028 ||| FLEEEEING.
  9048 | D:5      | 9048 ||| FLEEEEING.
  9068 | D:5      | 9068 ||| FLEEEEING.
  9088 | D:5      | 9088 ||| FLEEEEING.
  9108 | D:5      | 9108 ||| FLEEEEING.
  9128 | D:5      | 9128 ||| FLEEEEING.
  9148 | D:5      | 9148 ||| FLEEEEING.
  9168 | D:5      | 9168 ||| FLEEEEING.
  9188 | D:5      | 9188 ||| FLEEEEING.
  9208 | D:5      | 9208 ||| FLEEEEING.
  9228 | D:5      | 9228 ||| FLEEEEING.
  9248 | D:5      | 9248 ||| FLEEEEING.
  9268 | D:5      | 9268 ||| FLEEEEING.
  9288 | D:5      | 9288 ||| FLEEEEING.
  9308 | D:5      | 9308 ||| FLEEEEING.
  9328 | D:5      | 9328 ||| FLEEEEING.
  9348 | D:5      | 9348 ||| FLEEEEING.
  9368 | D:5      | 9368 ||| FLEEEEING.
  9388 | D:5      | 9388 ||| FLEEEEING.
  9408 | D:5      | 9408 ||| FLEEEEING.
  9428 | D:5      | 9428 ||| FLEEEEING.
  9448 | D:5      | 9448 ||| FLEEEEING.
  9468 | D:5      | 9468 ||| FLEEEEING.
  9488 | D:5      | 9488 ||| FLEEEEING.
  9508 | D:5      | 9508 ||| FLEEEEING.
  9528 | D:5      | 9528 ||| FLEEEEING.
  9548 | D:5      | 9548 ||| FLEEEEING.
  9568 | D:5      | 9568 ||| FLEEEEING.
  9588 | D:5      | 9588 ||| FLEEEEING.
  9608 | D:5      | 9608 ||| FLEEEEING.
  9628 | D:5      | 9628 ||| FLEEEEING.
  9648 | D:5      | 9648 ||| FLEEEEING.
  9668 | D:5      | 9668 ||| FLEEEEING.
  9688 | D:5      | 9688 ||| FLEEEEING.
  9708 | D:5      | 9708 ||| FLEEEEING.
  9728 | D:5      | 9728 ||| FLEEEEING.
  9748 | D:5      | 9748 ||| FLEEEEING.
  9768 | D:5      | 9768 ||| FLEEEEING.
  9788 | D:5      | 9788 ||| FLEEEEING.
  9808 | D:5      | 9808 ||| FLEEEEING.
  9828 | D:5      | 9828 ||| FLEEEEING.
  9848 | D:5      | 9848 ||| FLEEEEING.
  9868 | D:5      | 9868 ||| FLEEEEING.
  9888 | D:5      | 9888 ||| FLEEEEING.
  9908 | D:5      | 9908 ||| FLEEEEING.
  9928 | D:5      | 9928 ||| FLEEEEING.
  9948 | D:5      | 9948 ||| FLEEEEING.
  9968 | D:5      | 9968 ||| FLEEEEING.
  9988 | D:5      | 9988 ||| FLEEEEING.
 10008 | D:5      | 10008 ||| FLEEEEING.
 10028 | D:5      | 10028 ||| FLEEEEING.
 10048 | D:5      | 10048 ||| FLEEEEING.
 10068 | D:5      | 10068 ||| FLEEEEING.
 10088 | D:5      | 10088 ||| FLEEEEING.
 10108 | D:5      | 10108 ||| FLEEEEING.
 10128 | D:5      | 10128 ||| FLEEEEING.
 10148 | D:5      | 10148 ||| FLEEEEING.
 10168 | D:5      | 10168 ||| FLEEEEING.
 10188 | D:5      | 10188 ||| FLEEEEING.
 10208 | D:5      | 10208 ||| FLEEEEING.
 10228 | D:5      | 10228 ||| FLEEEEING.
 10248 | D:5      | 10248 ||| FLEEEEING.
 10268 | D:5      | 10268 ||| FLEEEEING.
 10288 | D:5      | 10288 ||| FLEEEEING.
 10308 | D:5      | 10308 ||| FLEEEEING.
 10328 | D:5      | 10328 ||| FLEEEEING.
 10348 | D:5      | 10348 ||| FLEEEEING.
 10368 | D:5      | 10368 ||| FLEEEEING.
 10388 | D:5      | 10388 ||| FLEEEEING.
 10408 | D:5      | 10408 ||| FLEEEEING.
 10428 | D:5      | 10428 ||| FLEEEEING.
 10448 | D:5      | 10448 ||| FLEEEEING.
 10468 | D:5      | 10468 ||| FLEEEEING.
 10488 | D:5      | 10488 ||| FLEEEEING.
 10508 | D:5      | 10508 ||| FLEEEEING.
 10528 | D:5      | 10528 ||| FLEEEEING.
 10548 | D:5      | 10548 ||| FLEEEEING.
 10568 | D:5      | 10568 ||| FLEEEEING.
 10588 | D:5      | 10588 ||| FLEEEEING.
 10608 | D:5      | 10608 ||| FLEEEEING.
 10628 | D:5      | 10628 ||| FLEEEEING.
 10648 | D:5      | 10648 ||| FLEEEEING.
 10668 | D:5      | 10668 ||| FLEEEEING.
 10688 | D:5      | 10688 ||| FLEEEEING.
 10708 | D:5      | 10708 ||| FLEEEEING.
 10728 | D:5      | 10728 ||| FLEEEEING.
 10748 | D:5      | 10748 ||| FLEEEEING.
 10768 | D:5      | 10768 ||| FLEEEEING.
 10788 | D:5      | 10788 ||| FLEEEEING.
 10808 | D:5      | 10808 ||| FLEEEEING.
 10828 | D:5      | 10828 ||| FLEEEEING.
 10848 | D:5      | 10848 ||| FLEEEEING.
 10868 | D:5      | 10868 ||| FLEEEEING.
 10888 | D:5      | 10888 ||| FLEEEEING.
 10908 | D:5      | 10908 ||| FLEEEEING.
 10928 | D:5      | 10928 ||| FLEEEEING.
 10948 | D:5      | 10948 ||| FLEEEEING.
 10968 | D:5      | 10968 ||| FLEEEEING.
 10988 | D:5      | 10988 ||| FLEEEEING.
 11008 | D:5      | 11008 ||| FLEEEEING.
 11028 | D:5      | 11028 ||| FLEEEEING.
 11048 | D:5      | 11048 ||| FLEEEEING.
 11068 | D:5      | 11068 ||| FLEEEEING.
 11088 | D:5      | 11088 ||| FLEEEEING.
 11108 | D:5      | 11108 ||| FLEEEEING.
 11128 | D:5      | 11128 ||| FLEEEEING.
 11148 | D:5      | 11148 ||| FLEEEEING.
 11168 | D:5      | 11168 ||| FLEEEEING.
 11188 | D:5      | 11188 ||| FLEEEEING.
 11208 | D:5      | 11208 ||| FLEEEEING.
 11228 | D:5      | 11228 ||| FLEEEEING.
 11248 | D:5      | 11248 ||| FLEEEEING.
 11268 | D:5      | 11268 ||| FLEEEEING.
 11288 | D:5      | 11288 ||| FLEEEEING.
 11308 | D:5      | 11308 ||| FLEEEEING.
 11328 | D:5      | 11328 ||| FLEEEEING.
 11348 | D:5      | 11348 ||| FLEEEEING.
 11368 | D:5      | 11368 ||| FLEEEEING.
 11388 | D:5      | 11388 ||| FLEEEEING.
 11408 | D:5      | 11408 ||| FLEEEEING.
 11428 | D:5      | 11428 ||| FLEEEEING.
 11448 | D:5      | 11448 ||| FLEEEEING.
 11468 | D:5      | 11468 ||| FLEEEEING.
 11488 | D:5      | 11488 ||| FLEEEEING.
 11508 | D:5      | 11508 ||| FLEEEEING.
 11528 | D:5      | 11528 ||| FLEEEEING.
 11548 | D:5      | 11548 ||| FLEEEEING.
 11568 | D:5      | 11568 ||| FLEEEEING.
 11588 | D:5      | 11588 ||| FLEEEEING.
 11608 | D:5      | 11608 ||| FLEEEEING.
 11628 | D:5      | 11628 ||| FLEEEEING.
 11648 | D:5      | 11648 ||| FLEEEEING.
 11668 | D:5      | 11668 ||| FLEEEEING.
 11688 | D:5      | 11688 ||| FLEEEEING.
 11708 | D:5      | 11708 ||| FLEEEEING.
 11728 | D:5      | 11728 ||| FLEEEEING.
 11748 | D:5      | 11748 ||| FLEEEEING.
 11768 | D:5      | 11768 ||| FLEEEEING.
 11788 | D:5      | 11788 ||| FLEEEEING.
 11808 | D:5      | 11808 ||| FLEEEEING.
 11828 | D:5      | 11828 ||| FLEEEEING.
 11848 | D:5      | 11848 ||| FLEEEEING.
 11868 | D:5      | 11868 ||| FLEEEEING.
 11888 | D:5      | 11888 ||| FLEEEEING.
 11908 | D:5      | 11908 ||| FLEEEEING.
 11928 | D:5      | 11928 ||| FLEEEEING.
 11948 | D:5      | 11948 ||| FLEEEEING.
 11968 | D:5      | 11968 ||| FLEEEEING.
 11988 | D:5      | 11988 ||| FLEEEEING.
 12008 | D:5      | 12008 ||| FLEEEEING.
 12028 | D:5      | 12028 ||| FLEEEEING.
 12048 | D:5      | 12048 ||| FLEEEEING.
 12068 | D:5      | 12068 ||| FLEEEEING.
 12088 | D:5      | 12088 ||| FLEEEEING.
 12108 | D:5      | 12108 ||| FLEEEEING.
 12128 | D:5      | 12128 ||| FLEEEEING.
 12148 | D:5      | 12148 ||| FLEEEEING.
 12168 | D:5      | 12168 ||| FLEEEEING.
 12188 | D:5      | 12188 ||| FLEEEEING.
 12208 | D:5      | 12208 ||| FLEEEEING.
 12228 | D:5      | 12228 ||| FLEEEEING.
 12248 | D:5      | 12248 ||| FLEEEEING.
 12268 | D:5      | 12268 ||| FLEEEEING.
 12288 | D:5      | 12288 ||| FLEEEEING.
 12308 | D:5      | 12308 ||| FLEEEEING.
 12328 | D:5      | 12328 ||| FLEEEEING.
 12348 | D:5      | 12348 ||| FLEEEEING.
 12368 | D:5      | 12368 ||| FLEEEEING.
 12388 | D:5      | 12388 ||| FLEEEEING.
 12408 | D:5      | 12408 ||| FLEEEEING.
 12428 | D:5      | 12428 ||| FLEEEEING.
 12448 | D:5      | 12448 ||| FLEEEEING.
 12468 | D:5      | 12468 ||| FLEEEEING.
 12488 | D:5      | 12488 ||| FLEEEEING.
 12508 | D:5      | 12508 ||| FLEEEEING.
 12528 | D:5      | 12528 ||| FLEEEEING.
 12548 | D:5      | 12548 ||| FLEEEEING.
 12568 | D:5      | 12568 ||| FLEEEEING.
 12588 | D:5      | 12588 ||| FLEEEEING.
 12608 | D:5      | 12608 ||| FLEEEEING.
 12628 | D:5      | 12628 ||| FLEEEEING.
 12648 | D:5      | 12648 ||| FLEEEEING.
 12668 | D:5      | 12668 ||| FLEEEEING.
 12688 | D:5      | 12688 ||| FLEEEEING.
 12708 | D:5      | 12708 ||| FLEEEEING.
 12728 | D:5      | 12728 ||| FLEEEEING.
 12748 | D:5      | 12748 ||| FLEEEEING.
 12768 | D:5      | 12768 ||| FLEEEEING.
 12788 | D:5      | 12788 ||| FLEEEEING.
 12808 | D:5      | 12808 ||| FLEEEEING.
 12828 | D:5      | 12828 ||| FLEEEEING.
 12848 | D:5      | 12848 ||| FLEEEEING.
 12868 | D:5      | 12868 ||| FLEEEEING.
 12888 | D:5      | 12888 ||| FLEEEEING.
 12908 | D:5      | 12908 ||| FLEEEEING.
 12928 | D:5      | 12928 ||| FLEEEEING.
 12948 | D:5      | 12948 ||| FLEEEEING.
 12968 | D:5      | 12968 ||| FLEEEEING.
 12988 | D:5      | 12988 ||| FLEEEEING.
 13008 | D:5      | 13008 ||| FLEEEEING.
 13028 | D:5      | 13028 ||| FLEEEEING.
 13048 | D:5      | 13048 ||| FLEEEEING.
 13068 | D:5      | 13068 ||| FLEEEEING.
 13088 | D:5      | 13088 ||| FLEEEEING.
 13108 | D:5      | 13108 ||| FLEEEEING.
 13128 | D:5      | 13128 ||| FLEEEEING.
 13148 | D:5      | 13148 ||| FLEEEEING.
 13168 | D:5      | 13168 ||| FLEEEEING.
 13188 | D:5      | 13188 ||| FLEEEEING.
 13208 | D:5      | 13208 ||| FLEEEEING.
 13228 | D:5      | 13228 ||| FLEEEEING.
 13248 | D:5      | 13248 ||| FLEEEEING.
 13268 | D:5      | 13268 ||| FLEEEEING.
 13288 | D:5      | 13288 ||| FLEEEEING.
 13308 | D:5      | 13308 ||| FLEEEEING.
 13328 | D:5      | 13328 ||| FLEEEEING.
 13348 | D:5      | 13348 ||| FLEEEEING.
 13368 | D:5      | 13368 ||| FLEEEEING.
 13388 | D:5      | 13388 ||| FLEEEEING.
 13408 | D:5      | 13408 ||| FLEEEEING.
 13428 | D:5      | 13428 ||| FLEEEEING.
 13448 | D:5      | 13448 ||| FLEEEEING.
 13468 | D:5      | 13468 ||| FLEEEEING.
 13488 | D:5      | 13488 ||| FLEEEEING.
 13508 | D:5      | 13508 ||| FLEEEEING.
 13528 | D:5      | 13528 ||| FLEEEEING.
 13548 | D:5      | 13548 ||| FLEEEEING.
 13568 | D:5      | 13568 ||| FLEEEEING.
 13588 | D:5      | 13588 ||| FLEEEEING.
 13608 | D:5      | 13608 ||| FLEEEEING.
 13628 | D:5      | 13628 ||| FLEEEEING.
 13648 | D:5      | 13648 ||| FLEEEEING.
 13668 | D:5      | 13668 ||| FLEEEEING.
 13688 | D:5      | 13688 ||| FLEEEEING.
 13708 | D:5      | 13708 ||| FLEEEEING.
 13728 | D:5      | 13728 ||| FLEEEEING.
 13748 | D:5      | 13748 ||| FLEEEEING.
 13768 | D:5      | 13768 ||| FLEEEEING.
 13788 | D:5      | 13788 ||| FLEEEEING.
 13808 | D:5      | 13808 ||| FLEEEEING.
 13828 | D:5      | 13828 ||| FLEEEEING.
 13848 | D:5      | 13848 ||| FLEEEEING.
 13868 | D:5      | 13868 ||| FLEEEEING.
 13888 | D:5      | 13888 ||| FLEEEEING.
 13908 | D:5      | 13908 ||| FLEEEEING.
 13928 | D:5      | 13928 ||| FLEEEEING.
 13948 | D:5      | 13948 ||| FLEEEEING.
 13968 | D:5      | 13968 ||| FLEEEEING.
 13988 | D:5      | 13988 ||| FLEEEEING.
 14008 | D:5      | 14008 ||| FLEEEEING.
 14028 | D:5      | 14028 ||| FLEEEEING.
 14048 | D:5      | 14048 ||| FLEEEEING.
 14068 | D:5      | 14068 ||| FLEEEEING.
 14088 | D:5      | 14088 ||| FLEEEEING.
 14108 | D:5      | 14108 ||| FLEEEEING.
 14128 | D:5      | 14128 ||| FLEEEEING.
 14148 | D:5      | 14148 ||| FLEEEEING.
 14168 | D:5      | 14168 ||| FLEEEEING.
 14188 | D:5      | 14188 ||| FLEEEEING.
 14208 | D:5      | 14208 ||| FLEEEEING.
 14228 | D:5      | 14228 ||| FLEEEEING.
 14248 | D:5      | 14248 ||| FLEEEEING.
 14268 | D:5      | 14268 ||| FLEEEEING.
 14288 | D:5      | 14288 ||| FLEEEEING.
 14308 | D:5      | 14308 ||| FLEEEEING.
 14328 | D:5      | 14328 ||| FLEEEEING.
 14348 | D:5      | 14348 ||| FLEEEEING.
 14368 | D:5      | 14368 ||| FLEEEEING.
 14388 | D:5      | 14388 ||| FLEEEEING.
 14408 | D:5      | 14408 ||| FLEEEEING.
 14428 | D:5      | 14428 ||| FLEEEEING.
 14448 | D:5      | 14448 ||| FLEEEEING.
 14468 | D:5      | 14468 ||| FLEEEEING.
 14488 | D:5      | 14488 ||| FLEEEEING.
 14508 | D:5      | 14508 ||| FLEEEEING.
 14528 | D:5      | 14528 ||| FLEEEEING.
 14548 | D:5      | 14548 ||| FLEEEEING.
 14568 | D:5      | 14568 ||| FLEEEEING.
 14588 | D:5      | 14588 ||| FLEEEEING.
 14608 | D:5      | 14608 ||| FLEEEEING.
 14628 | D:5      | 14628 ||| FLEEEEING.
 14648 | D:5      | 14648 ||| FLEEEEING.
 14668 | D:5      | 14668 ||| FLEEEEING.
 14688 | D:5      | 14688 ||| FLEEEEING.
 14708 | D:5      | 14708 ||| FLEEEEING.
 14728 | D:5      | 14728 ||| FLEEEEING.
 14748 | D:5      | 14748 ||| FLEEEEING.
 14768 | D:5      | 14768 ||| FLEEEEING.
 14788 | D:5      | 14788 ||| FLEEEEING.
 14808 | D:5      | 14808 ||| FLEEEEING.
 14828 | D:5      | 14828 ||| FLEEEEING.
 14848 | D:5      | 14848 ||| FLEEEEING.
 14868 | D:5      | 14868 ||| FLEEEEING.
 14888 | D:5      | 14888 ||| FLEEEEING.
 14908 | D:5      | 14908 ||| FLEEEEING.
 14928 | D:5      | 14928 ||| FLEEEEING.
 14948 | D:5      | 14948 ||| FLEEEEING.
 14968 | D:5      | 14968 ||| FLEEEEING.
 14988 | D:5      | 14988 ||| FLEEEEING.
 15008 | D:5      | 15008 ||| FLEEEEING.
 15028 | D:5      | 15028 ||| FLEEEEING.
 15048 | D:5      | 15048 ||| FLEEEEING.
 15068 | D:5      | 15068 ||| FLEEEEING.
 15088 | D:5      | 15088 ||| FLEEEEING.
 15108 | D:5      | 15108 ||| FLEEEEING.
 15128 | D:5      | 15128 ||| FLEEEEING.
 15148 | D:5      | 15148 ||| FLEEEEING.
 15168 | D:5      | 15168 ||| FLEEEEING.
 15188 | D:5      | 15188 ||| FLEEEEING.
 15208 | D:5      | 15208 ||| FLEEEEING.
 15228 | D:5      | 15228 ||| FLEEEEING.
 15248 | D:5      | 15248 ||| FLEEEEING.
 15268 | D:5      | 15268 ||| FLEEEEING.
 15288 | D:5      | 15288 ||| FLEEEEING.
 15308 | D:5      | 15308 ||| FLEEEEING.
 15328 | D:5      | 15328 ||| FLEEEEING.
 15348 | D:5      | 15348 ||| FLEEEEING.
 15368 | D:5      | 15368 ||| FLEEEEING.
 15388 | D:5      | 15388 ||| FLEEEEING.
 15408 | D:5      | 15408 ||| FLEEEEING.
 15428 | D:5      | 15428 ||| FLEEEEING.
 15448 | D:5      | 15448 ||| FLEEEEING.
 15468 | D:5      | 15468 ||| FLEEEEING.
 15488 | D:5      | 15488 ||| FLEEEEING.
 15508 | D:5      | 15508 ||| FLEEEEING.
 15528 | D:5      | 15528 ||| FLEEEEING.
 15548 | D:5      | 15548 ||| FLEEEEING.
 15568 | D:5      | 15568 ||| FLEEEEING.
 15588 | D:5      | 15588 ||| FLEEEEING.
 15608 | D:5      | 15608 ||| FLEEEEING.
 15628 | D:5      | 15628 ||| FLEEEEING.
 15648 | D:5      | 15648 ||| FLEEEEING.
 15668 | D:5      | 15668 ||| FLEEEEING.
 15688 | D:5      | 15688 ||| FLEEEEING.
 15708 | D:5      | 15708 ||| FLEEEEING.
 15728 | D:5      | 15728 ||| FLEEEEING.
 15748 | D:5      | 15748 ||| FLEEEEING.
 15768 | D:5      | 15768 ||| FLEEEEING.
 15788 | D:5      | 15788 ||| FLEEEEING.
 15808 | D:5      | 15808 ||| FLEEEEING.
 15828 | D:5      | 15828 ||| FLEEEEING.
 15848 | D:5      | 15848 ||| FLEEEEING.
 15868 | D:5      | 15868 ||| FLEEEEING.
 15888 | D:5      | 15888 ||| FLEEEEING.
 15908 | D:5      | 15908 ||| FLEEEEING.
 15928 | D:5      | 15928 ||| FLEEEEING.
 15948 | D:5      | 15948 ||| FLEEEEING.
 15968 | D:5      | 15968 ||| FLEEEEING.
 15988 | D:5      | 15988 ||| FLEEEEING.
 16008 | D:5      | 16008 ||| FLEEEEING.
 16028 | D:5      | 16028 ||| FLEEEEING.
 16048 | D:5      | 16048 ||| FLEEEEING.
 16068 | D:5      | 16068 ||| FLEEEEING.
 16088 | D:5      | 16088 ||| FLEEEEING.
 16108 | D:5      | 16108 ||| FLEEEEING.
 16128 | D:5      | 16128 ||| FLEEEEING.
 16148 | D:5      | 16148 ||| FLEEEEING.
 16168 | D:5      | 16168 ||| FLEEEEING.
 16188 | D:5      | 16188 ||| FLEEEEING.
 16208 | D:5      | 16208 ||| FLEEEEING.
 16228 | D:5      | 16228 ||| FLEEEEING.
 16248 | D:5      | 16248 ||| FLEEEEING.
 16268 | D:5      | 16268 ||| FLEEEEING.
 16288 | D:5      | 16288 ||| FLEEEEING.
 16308 | D:5      | 16308 ||| FLEEEEING.
 16328 | D:5      | 16328 ||| FLEEEEING.
 16348 | D:5      | 16348 ||| FLEEEEING.
 16368 | D:5      | 16368 ||| FLEEEEING.
 16388 | D:5      | 16388 ||| FLEEEEING.
 16408 | D:5      | 16408 ||| FLEEEEING.
 16428 | D:5      | 16428 ||| FLEEEEING.
 16448 | D:5      | 16448 ||| FLEEEEING.
 16468 | D:5      | 16468 ||| FLEEEEING.
 16488 | D:5      | 16488 ||| FLEEEEING.
 16508 | D:5      | 16508 ||| FLEEEEING.
 16528 | D:5      | 16528 ||| FLEEEEING.
 16548 | D:5      | 16548 ||| FLEEEEING.
 16568 | D:5      | 16568 ||| FLEEEEING.
 16588 | D:5      | 16588 ||| FLEEEEING.
 16608 | D:5      | 16608 ||| FLEEEEING.
 16628 | D:5      | 16628 ||| FLEEEEING.
 16648 | D:5      | 16648 ||| FLEEEEING.
 16668 | D:5      | 16668 ||| FLEEEEING.
 16688 | D:5      | 16688 ||| FLEEEEING.
 16708 | D:5      | 16708 ||| FLEEEEING.
 16728 | D:5      | 16728 ||| FLEEEEING.
 16748 | D:5      | 16748 ||| FLEEEEING.
 16768 | D:5      | 16768 ||| FLEEEEING.
 16788 | D:5      | 16788 ||| FLEEEEING.
 16808 | D:5      | 16808 ||| FLEEEEING.
 16828 | D:5      | 16828 ||| FLEEEEING.
 16848 | D:5      | 16848 ||| FLEEEEING.
 16868 | D:5      | 16868 ||| FLEEEEING.
 16888 | D:5      | 16888 ||| FLEEEEING.
 16908 | D:5      | 16908 ||| FLEEEEING.
 16928 | D:5      | 16928 ||| FLEEEEING.
 16948 | D:5      | 16948 ||| FLEEEEING.
 16968 | D:5      | 16968 ||| FLEEEEING.
 16988 | D:5      | 16988 ||| FLEEEEING.
 17008 | D:5      | 17008 ||| FLEEEEING.
 17028 | D:5      | 17028 ||| FLEEEEING.
 17048 | D:5      | 17048 ||| FLEEEEING.
 17068 | D:5      | 17068 ||| FLEEEEING.
 17088 | D:5      | 17088 ||| FLEEEEING.
 17108 | D:5      | 17108 ||| FLEEEEING.
 17128 | D:5      | 17128 ||| FLEEEEING.
 17148 | D:5      | 17148 ||| FLEEEEING.
 17168 | D:5      | 17168 ||| FLEEEEING.
 17188 | D:5      | 17188 ||| FLEEEEING.
 17208 | D:5      | 17208 ||| FLEEEEING.
 17228 | D:5      | 17228 ||| FLEEEEING.
 17248 | D:5      | 17248 ||| FLEEEEING.
 17268 | D:5      | 17268 ||| FLEEEEING.
 17288 | D:5      | 17288 ||| FLEEEEING.
 17308 | D:5      | 17308 ||| FLEEEEING.
 17328 | D:5      | 17328 ||| FLEEEEING.
 17348 | D:5      | 17348 ||| FLEEEEING.
 17368 | D:5      | 17368 ||| FLEEEEING.
 17388 | D:5      | 17388 ||| FLEEEEING.
 17408 | D:5      | 17408 ||| FLEEEEING.
 17428 | D:5      | 17428 ||| FLEEEEING.
 17448 | D:5      | 17448 ||| FLEEEEING.
 17468 | D:5      | 17468 ||| FLEEEEING.
 17488 | D:5      | 17488 ||| FLEEEEING.
 17508 | D:5      | 17508 ||| FLEEEEING.
 17528 | D:5      | 17528 ||| FLEEEEING.
 17548 | D:5      | 17548 ||| FLEEEEING.
 17568 | D:5      | 17568 ||| FLEEEEING.
 17588 | D:5      | 17588 ||| FLEEEEING.
 17608 | D:5      | 17608 ||| FLEEEEING.
 17628 | D:5      | 17628 ||| FLEEEEING.
 17648 | D:5      | 17648 ||| FLEEEEING.
 17668 | D:5      | 17668 ||| FLEEEEING.
 17688 | D:5      | 17688 ||| FLEEEEING.
 17708 | D:5      | 17708 ||| FLEEEEING.
 17728 | D:5      | 17728 ||| FLEEEEING.
 17748 | D:5      | 17748 ||| FLEEEEING.
 17768 | D:5      | 17768 ||| FLEEEEING.
 17788 | D:5      | 17788 ||| FLEEEEING.
 17808 | D:5      | 17808 ||| FLEEEEING.
 17828 | D:5      | 17828 ||| FLEEEEING.
 17848 | D:5      | 17848 ||| FLEEEEING.
 17868 | D:5      | 17868 ||| FLEEEEING.
 17888 | D:5      | 17888 ||| FLEEEEING.
 17908 | D:5      | 17908 ||| FLEEEEING.
 17928 | D:5      | 17928 ||| FLEEEEING.
 17948 | D:5      | 17948 ||| FLEEEEING.
 17968 | D:5      | 17968 ||| FLEEEEING.
 17988 | D:5      | 17988 ||| FLEEEEING.
 18008 | D:5      | 18008 ||| FLEEEEING.
 18028 | D:5      | 18028 ||| FLEEEEING.
 18048 | D:5      | 18048 ||| FLEEEEING.
 18068 | D:5      | 18068 ||| FLEEEEING.
 18088 | D:5      | 18088 ||| FLEEEEING.
 18108 | D:5      | 18108 ||| FLEEEEING.
 18128 | D:5      | 18128 ||| FLEEEEING.
 18148 | D:5      | 18148 ||| FLEEEEING.
 18168 | D:5      | 18168 ||| FLEEEEING.
 18188 | D:5      | 18188 ||| FLEEEEING.
 18208 | D:5      | 18208 ||| FLEEEEING.
 18228 | D:5      | 18228 ||| FLEEEEING.
 18248 | D:5      | 18248 ||| FLEEEEING.
 18268 | D:5      | 18268 ||| FLEEEEING.
 18288 | D:5      | 18288 ||| FLEEEEING.
 18308 | D:5      | 18308 ||| FLEEEEING.
 18328 | D:5      | 18328 ||| FLEEEEING.
 18348 | D:5      | 18348 ||| FLEEEEING.
 18368 | D:5      | 18368 ||| FLEEEEING.
 18388 | D:5      | 18388 ||| FLEEEEING.
 18408 | D:5      | 18408 ||| FLEEEEING.
 18428 | D:5      | 18428 ||| FLEEEEING.
 18448 | D:5      | 18448 ||| FLEEEEING.
 18468 | D:5      | 18468 ||| FLEEEEING.
 18488 | D:5      | 18488 ||| FLEEEEING.
 18508 | D:5      | 18508 ||| FLEEEEING.
 18528 | D:5      | 18528 ||| FLEEEEING.
 18548 | D:5      | 18548 ||| FLEEEEING.
 18568 | D:5      | 18568 ||| FLEEEEING.
 18588 | D:5      | 18588 ||| FLEEEEING.
 18608 | D:5      | 18608 ||| FLEEEEING.
 18628 | D:5      | 18628 ||| FLEEEEING.
 18648 | D:5      | 18648 ||| FLEEEEING.
 18668 | D:5      | 18668 ||| FLEEEEING.
 18688 | D:5      | 18688 ||| FLEEEEING.
 18708 | D:5      | 18708 ||| FLEEEEING.
 18728 | D:5      | 18728 ||| FLEEEEING.
 18748 | D:5      | 18748 ||| FLEEEEING.
 18768 | D:5      | 18768 ||| FLEEEEING.
 18788 | D:5      | 18788 ||| FLEEEEING.
 18808 | D:5      | 18808 ||| FLEEEEING.
 18828 | D:5      | 18828 ||| FLEEEEING.
 18848 | D:5      | 18848 ||| FLEEEEING.
 18868 | D:5      | 18868 ||| FLEEEEING.
 18888 | D:5      | 18888 ||| FLEEEEING.
 18908 | D:5      | 18908 ||| FLEEEEING.
 18928 | D:5      | 18928 ||| FLEEEEING.
 18948 | D:5      | 18948 ||| FLEEEEING.
 18968 | D:5      | 18968 ||| FLEEEEING.
 18988 | D:5      | 18988 ||| FLEEEEING.
 19008 | D:5      | 19008 ||| FLEEEEING.
 19028 | D:5      | 19028 ||| FLEEEEING.
 19048 | D:5      | 19048 ||| FLEEEEING.
 19068 | D:5      | 19068 ||| FLEEEEING.
 19088 | D:5      | 19088 ||| FLEEEEING.
 19108 | D:5      | 19108 ||| FLEEEEING.
 19128 | D:5      | 19128 ||| FLEEEEING.
 19148 | D:5      | 19148 ||| FLEEEEING.
 19168 | D:5      | 19168 ||| FLEEEEING.
 19188 | D:5      | 19188 ||| FLEEEEING.
 19208 | D:5      | 19208 ||| FLEEEEING.
 19228 | D:5      | 19228 ||| FLEEEEING.
 19248 | D:5      | 19248 ||| FLEEEEING.
 19268 | D:5      | 19268 ||| FLEEEEING.
 19288 | D:5      | 19288 ||| FLEEEEING.
 19308 | D:5      | 19308 ||| FLEEEEING.
 19328 | D:5      | 19328 ||| FLEEEEING.
 19348 | D:5      | 19348 ||| FLEEEEING.
 19368 | D:5      | 19368 ||| FLEEEEING.
 19388 | D:5      | 19388 ||| FLEEEEING.
 19408 | D:5      | 19408 ||| FLEEEEING.
 19428 | D:5      | 19428 ||| FLEEEEING.
 19448 | D:5      | 19448 ||| FLEEEEING.
 19468 | D:5      | 19468 ||| FLEEEEING.
 19488 | D:5      | 19488 ||| FLEEEEING.
 19508 | D:5      | 19508 ||| FLEEEEING.
 19528 | D:5      | 19528 ||| FLEEEEING.
 19548 | D:5      | 19548 ||| FLEEEEING.
 19568 | D:5      | 19568 ||| FLEEEEING.
 19588 | D:5      | 19588 ||| FLEEEEING.
 19608 | D:5      | 19608 ||| FLEEEEING.
 19628 | D:5      | 19628 ||| FLEEEEING.
 19648 | D:5      | 19648 ||| FLEEEEING.
 19668 | D:5      | 19668 ||| FLEEEEING.
 19688 | D:5      | 19688 ||| FLEEEEING.
 19708 | D:5      | 19708 ||| FLEEEEING.
 19728 | D:5      | 19728 ||| FLEEEEING.
 19748 | D:5      | 19748 ||| FLEEEEING.
 19768 | D:5      | 19768 ||| FLEEEEING.
 19788 | D:5      | 19788 ||| FLEEEEING.
 19808 | D:5      | 19808 ||| FLEEEEING.
 19828 | D:5      | 19828 ||| FLEEEEING.
 19848 | D:5      | 19848 ||| FLEEEEING.
 19868 | D:5      | 19868 ||| FLEEEEING.
 19888 | D:5      | 19888 ||| FLEEEEING.
 19908 | D:5      | 19908 ||| FLEEEEING.
 19928 | D:5      | 19928 ||| FLEEEEING.
 19948 | D:5      | 19948 ||| FLEEEEING.
 19968 | D:5      | 19968 ||| FLEEEEING.
 19988 | D:5      | 19988 ||| FLEEEEING.
 20008 | D:5      | 20008 ||| FLEEEEING.
 20028 | D:5      | 20028 ||| FLEEEEING.
 20048 | D:5      | 20048 ||| FLEEEEING.
 20068 | D:5      | 20068 ||| FLEEEEING.
 20088 | D:5      | 20088 ||| FLEEEEING.
 20108 | D:5      | 20108 ||| FLEEEEING.
 20128 | D:5      | 20128 ||| FLEEEEING.
 20148 | D:5      | 20148 ||| FLEEEEING.
 20168 | D:5      | 20168 ||| FLEEEEING.
 20188 | D:5      | 20188 ||| FLEEEEING.
 20208 | D:5      | 20208 ||| FLEEEEING.
 20228 | D:5      | 20228 ||| FLEEEEING.
 20248 | D:5      | 20248 ||| FLEEEEING.
 20268 | D:5      | 20268 ||| FLEEEEING.
 20288 | D:5      | 20288 ||| FLEEEEING.
 20308 | D:5      | 20308 ||| FLEEEEING.
 20328 | D:5      | 20328 ||| FLEEEEING.
 20348 | D:5      | 20348 ||| FLEEEEING.
 20368 | D:5      | 20368 ||| FLEEEEING.
 20388 | D:5      | 20388 ||| FLEEEEING.
 20408 | D:5      | 20408 ||| FLEEEEING.
 20428 | D:5      | 20428 ||| FLEEEEING.
 20448 | D:5      | 20448 ||| FLEEEEING.
 20468 | D:5      | 20468 ||| FLEEEEING.
 20488 | D:5      | 20488 ||| FLEEEEING.
 20508 | D:5      | 20508 ||| FLEEEEING.
 20528 | D:5      | 20528 ||| FLEEEEING.
 20548 | D:5      | 20548 ||| FLEEEEING.
 20568 | D:5      | 20568 ||| FLEEEEING.
 20588 | D:5      | 20588 ||| FLEEEEING.
 20608 | D:5      | 20608 ||| FLEEEEING.
 20628 | D:5      | 20628 ||| FLEEEEING.
 20648 | D:5      | 20648 ||| FLEEEEING.
 20668 | D:5      | 20668 ||| FLEEEEING.
 20688 | D:5      | 20688 ||| FLEEEEING.
 20708 | D:5      | 20708 ||| FLEEEEING.
 20728 | D:5      | 20728 ||| FLEEEEING.
 20748 | D:5      | 20748 ||| FLEEEEING.
 20768 | D:5      | 20768 ||| FLEEEEING.
 20788 | D:5      | 20788 ||| FLEEEEING.
 20808 | D:5      | 20808 ||| FLEEEEING.
 20828 | D:5      | 20828 ||| FLEEEEING.
 20848 | D:5      | 20848 ||| FLEEEEING.
 20868 | D:5      | 20868 ||| FLEEEEING.
 20888 | D:5      | 20888 ||| FLEEEEING.
 20908 | D:5      | 20908 ||| FLEEEEING.
 20928 | D:5      | 20928 ||| FLEEEEING.
 20948 | D:5      | 20948 ||| FLEEEEING.
 20968 | D:5      | 20968 ||| FLEEEEING.
 20988 | D:5      | 20988 ||| FLEEEEING.
 21008 | D:5      | 21008 ||| FLEEEEING.
 21028 | D:5      | 21028 ||| FLEEEEING.
 21048 | D:5      | 21048 ||| FLEEEEING.
 21068 | D:5      | 21068 ||| FLEEEEING.
 21088 | D:5      | 21088 ||| FLEEEEING.
 21108 | D:5      | 21108 ||| FLEEEEING.
 21128 | D:5      | 21128 ||| FLEEEEING.
 21148 | D:5      | 21148 ||| FLEEEEING.
 21168 | D:5      | 21168 ||| FLEEEEING.
 21188 | D:5      | 21188 ||| FLEEEEING.
 21208 | D:5      | 21208 ||| FLEEEEING.
 21228 | D:5      | 21228 ||| FLEEEEING.
 21248 | D:5      | 21248 ||| FLEEEEING.
 21268 | D:5      | 21268 ||| FLEEEEING.
 21288 | D:5      | 21288 ||| FLEEEEING.
 21308 | D:5      | 21308 ||| FLEEEEING.
 21328 | D:5      | 21328 ||| FLEEEEING.
 21348 | D:5      | 21348 ||| FLEEEEING.
 21368 | D:5      | 21368 ||| FLEEEEING.
 21388 | D:5      | 21388 ||| FLEEEEING.
 21408 | D:5      | 21408 ||| FLEEEEING.
 21428 | D:5      | 21428 ||| FLEEEEING.
 21448 | D:5      | 21448 ||| FLEEEEING.
 21468 | D:5      | 21468 ||| FLEEEEING.
 21488 | D:5      | 21488 ||| FLEEEEING.
 21508 | D:5      | 21508 ||| FLEEEEING.
 21528 | D:5      | 21528 ||| FLEEEEING.
 21548 | D:5      | 21548 ||| FLEEEEING.
 21568 | D:5      | 21568 ||| FLEEEEING.
 21588 | D:5      | 21588 ||| FLEEEEING.
 21608 | D:5      | 21608 ||| FLEEEEING.
 21628 | D:5      | 21628 ||| FLEEEEING.
 21648 | D:5      | 21648 ||| FLEEEEING.
 21668 | D:5      | 21668 ||| FLEEEEING.
 21688 | D:5      | 21688 ||| FLEEEEING.
 21708 | D:5      | 21708 ||| FLEEEEING.
 21728 | D:5      | 21728 ||| FLEEEEING.
 21748 | D:5      | 21748 ||| FLEEEEING.
 21768 | D:5      | 21768 ||| FLEEEEING.
 21788 | D:5      | 21788 ||| FLEEEEING.
 21808 | D:5      | 21808 ||| FLEEEEING.
 21828 | D:5      | 21828 ||| FLEEEEING.
 21848 | D:5      | 21848 ||| FLEEEEING.
 21868 | D:5      | 21868 ||| FLEEEEING.
 21888 | D:5      | 21888 ||| FLEEEEING.
 21908 | D:5      | 21908 ||| FLEEEEING.
 21928 | D:5      | 21928 ||| FLEEEEING.
 21948 | D:5      | 21948 ||| FLEEEEING.
 21968 | D:5      | 21968 ||| FLEEEEING.
 21988 | D:5      | 21988 ||| FLEEEEING.
 22008 | D:5      | 22008 ||| FLEEEEING.
 22028 | D:5      | 22028 ||| FLEEEEING.
 22048 | D:5      | 22048 ||| FLEEEEING.
 22068 | D:5      | 22068 ||| FLEEEEING.
 22088 | D:5      | 22088 ||| FLEEEEING.
 22108 | D:5      | 22108 ||| FLEEEEING.
 22128 | D:5      | 22128 ||| FLEEEEING.
 22148 | D:5      | 22148 ||| FLEEEEING.
 22168 | D:5      | 22168 ||| FLEEEEING.
 22188 | D:5      | 22188 ||| FLEEEEING.
 22208 | D:5      | 22208 ||| FLEEEEING.
 22228 | D:5      | 22228 ||| FLEEEEING.
 22248 | D:5      | 22248 ||| FLEEEEING.
 22268 | D:5      | 22268 ||| FLEEEEING.
 22288 | D:5      | 22288 ||| FLEEEEING.
 22308 | D:5      | 22308 ||| FLEEEEING.
 22328 | D:5      | 22328 ||| FLEEEEING.
 22348 | D:5      | 22348 ||| FLEEEEING.
 22368 | D:5      | 22368 ||| FLEEEEING.
 22388 | D:5      | 22388 ||| FLEEEEING.
 22408 | D:5      | 22408 ||| FLEEEEING.
 22428 | D:5      | 22428 ||| FLEEEEING.
 22448 | D:5      | 22448 ||| FLEEEEING.
 22468 | D:5      | 22468 ||| FLEEEEING.
 22488 | D:5      | 22488 ||| FLEEEEING.
 22508 | D:5      | 22508 ||| FLEEEEING.
 22528 | D:5      | 22528 ||| FLEEEEING.
 22548 | D:5      | 22548 ||| FLEEEEING.
 22568 | D:5      | 22568 ||| FLEEEEING.
 22588 | D:5      | 22588 ||| FLEEEEING.
 22608 | D:5      | 22608 ||| FLEEEEING.
 22628 | D:5      | 22628 ||| FLEEEEING.
 22648 | D:5      | 22648 ||| FLEEEEING.
 22668 | D:5      | 22668 ||| FLEEEEING.
 22688 | D:5      | 22688 ||| FLEEEEING.
 22708 | D:5      | 22708 ||| FLEEEEING.
 22728 | D:5      | 22728 ||| FLEEEEING.
 22748 | D:5      | 22748 ||| FLEEEEING.
 22768 | D:5      | 22768 ||| FLEEEEING.
 22788 | D:5      | 22788 ||| FLEEEEING.
 22808 | D:5      | 22808 ||| FLEEEEING.
 22828 | D:5      | 22828 ||| FLEEEEING.
 22848 | D:5      | 22848 ||| FLEEEEING.
 22868 | D:5      | 22868 ||| FLEEEEING.
 22888 | D:5      | 22888 ||| FLEEEEING.
 22908 | D:5      | 22908 ||| FLEEEEING.
 22928 | D:5      | 22928 ||| FLEEEEING.
 22948 | D:5      | 22948 ||| FLEEEEING.
 22968 | D:5      | 22968 ||| FLEEEEING.
 22988 | D:5      | 22988 ||| FLEEEEING.
 23008 | D:5      | 23008 ||| FLEEEEING.
 23028 | D:5      | 23028 ||| FLEEEEING.
 23048 | D:5      | 23048 ||| FLEEEEING.
 23068 | D:5      | 23068 ||| FLEEEEING.
 23088 | D:5      | 23088 ||| FLEEEEING.
 23108 | D:5      | 23108 ||| FLEEEEING.
 23128 | D:5      | 23128 ||| FLEEEEING.
 23148 | D:5      | 23148 ||| FLEEEEING.
 23168 | D:5      | 23168 ||| FLEEEEING.
 23188 | D:5      | 23188 ||| FLEEEEING.
 23208 | D:5      | 23208 ||| FLEEEEING.
 23228 | D:5      | 23228 ||| FLEEEEING.
 23248 | D:5      | 23248 ||| FLEEEEING.
 23268 | D:5      | 23268 ||| FLEEEEING.
 23288 | D:5      | 23288 ||| FLEEEEING.
 23308 | D:5      | 23308 ||| FLEEEEING.
 23328 | D:5      | 23328 ||| FLEEEEING.
 23348 | D:5      | 23348 ||| FLEEEEING.
 23368 | D:5      | 23368 ||| FLEEEEING.
 23388 | D:5      | 23388 ||| FLEEEEING.
 23408 | D:5      | 23408 ||| FLEEEEING.
 23428 | D:5      | 23428 ||| FLEEEEING.
 23448 | D:5      | 23448 ||| FLEEEEING.
 23468 | D:5      | 23468 ||| FLEEEEING.
 23488 | D:5      | 23488 ||| FLEEEEING.
 23508 | D:5      | 23508 ||| FLEEEEING.
 23528 | D:5      | 23528 ||| FLEEEEING.
 23548 | D:5      | 23548 ||| FLEEEEING.
 23568 | D:5      | 23568 ||| FLEEEEING.
 23588 | D:5      | 23588 ||| FLEEEEING.
 23608 | D:5      | 23608 ||| FLEEEEING.
 23628 | D:5      | 23628 ||| FLEEEEING.
 23648 | D:5      | 23648 ||| FLEEEEING.
 23668 | D:5      | 23668 ||| FLEEEEING.
 23688 | D:5      | 23688 ||| FLEEEEING.
 23708 | D:5      | 23708 ||| FLEEEEING.
 23728 | D:5      | 23728 ||| FLEEEEING.
 23748 | D:5      | 23748 ||| FLEEEEING.
 23768 | D:5      | 23768 ||| FLEEEEING.
 23788 | D:5      | 23788 ||| FLEEEEING.
 23808 | D:5      | 23808 ||| FLEEEEING.
 23828 | D:5      | 23828 ||| FLEEEEING.
 23848 | D:5      | 23848 ||| FLEEEEING.
 23868 | D:5      | 23868 ||| FLEEEEING.
 23888 | D:5      | 23888 ||| FLEEEEING.
 23908 | D:5      | 23908 ||| FLEEEEING.
 23928 | D:5      | 23928 ||| FLEEEEING.
 23948 | D:5      | 23948 ||| FLEEEEING.
 23968 | D:5      | 23968 ||| FLEEEEING.
 23988 | D:5      | 23988 ||| FLEEEEING.
 24008 | D:5      | 24008 ||| FLEEEEING.
 24028 | D:5      | 24028 ||| FLEEEEING.
 24048 | D:5      | 24048 ||| FLEEEEING.
 24068 | D:5      | 24068 ||| FLEEEEING.
 24088 | D:5      | 24088 ||| FLEEEEING.
 24108 | D:5      | 24108 ||| FLEEEEING.
 24128 | D:5      | 24128 ||| FLEEEEING.
 24148 | D:5      | 24148 ||| FLEEEEING.
 24168 | D:5      | 24168 ||| FLEEEEING.
 24188 | D:5      | 24188 ||| FLEEEEING.
 24208 | D:5      | 24208 ||| FLEEEEING.
 24228 | D:5      | 24228 ||| FLEEEEING.
 24248 | D:5      | 24248 ||| FLEEEEING.
 24268 | D:5      | 24268 ||| FLEEEEING.
 24288 | D:5      | 24288 ||| FLEEEEING.
 24308 | D:5      | 24308 ||| FLEEEEING.
 24328 | D:5      | 24328 ||| FLEEEEING.
 24348 | D:5      | 24348 ||| FLEEEEING.
 24368 | D:5      | 24368 ||| FLEEEEING.
 24388 | D:5      | 24388 ||| FLEEEEING.
 24408 | D:5      | 24408 ||| FLEEEEING.
 24428 | D:5      | 24428 ||| FLEEEEING.
 24448 | D:5      | 24448 ||| FLEEEEING.
 24468 | D:5      | 24468 ||| FLEEEEING.
 24488 | D:5      | 24488 ||| FLEEEEING.
 24508 | D:5      | 24508 ||| FLEEEEING.
 24528 | D:5      | 24528 ||| FLEEEEING.
 24548 | D:5      | 24548 ||| FLEEEEING.
 24568 | D:5      | 24568 ||| FLEEEEING.
 24588 | D:5      | 24588 ||| FLEEEEING.
 24608 | D:5      | 24608 ||| FLEEEEING.
 24628 | D:5      | 24628 ||| FLEEEEING.
 24648 | D:5      | 24648 ||| FLEEEEING.
 24668 | D:5      | 24668 ||| FLEEEEING.
 24688 | D:5      | 24688 ||| FLEEEEING.
 24708 | D:5      | 24708 ||| FLEEEEING.
 24728 | D:5      | 24728 ||| FLEEEEING.
 24748 | D:5      | 24748 ||| FLEEEEING.
 24768 | D:5      | 24768 ||| FLEEEEING.
 24788 | D:5      | 24788 ||| FLEEEEING.
 24808 | D:5      | 24808 ||| FLEEEEING.
 24828 | D:5      | 24828 ||| FLEEEEING.
 24848 | D:5      | 24848 ||| FLEEEEING.
 24868 | D:5      | 24868 ||| FLEEEEING.
 24888 | D:5      | 24888 ||| FLEEEEING.
 24908 | D:5      | 24908 ||| FLEEEEING.
 24928 | D:5      | 24928 ||| FLEEEEING.
 24948 | D:5      | 24948 ||| FLEEEEING.
 24968 | D:5      | 24968 ||| FLEEEEING.
 24988 | D:5      | 24988 ||| FLEEEEING.
 25008 | D:5      | 25008 ||| FLEEEEING.
 25028 | D:5      | 25028 ||| FLEEEEING.
 25048 | D:5      | 25048 ||| FLEEEEING.
 25068 | D:5      | 25068 ||| FLEEEEING.
 25088 | D:5      | 25088 ||| FLEEEEING.
 25108 | D:5      | 25108 ||| FLEEEEING.
 25128 | D:5      | 25128 ||| FLEEEEING.
 25148 | D:5      | 25148 ||| FLEEEEING.
 25168 | D:5      | 25168 ||| FLEEEEING.
 25188 | D:5      | 25188 ||| FLEEEEING.
 25208 | D:5      | 25208 ||| FLEEEEING.
 25228 | D:5      | 25228 ||| FLEEEEING.
 25248 | D:5      | 25248 ||| FLEEEEING.
 25268 | D:5      | 25268 ||| FLEEEEING.
 25288 | D:5      | 25288 ||| FLEEEEING.
 25308 | D:5      | 25308 ||| FLEEEEING.
 25328 | D:5      | 25328 ||| FLEEEEING.
 25348 | D:5      | 25348 ||| FLEEEEING.
 25368 | D:5      | 25368 ||| FLEEEEING.
 25388 | D:5      | 25388 ||| FLEEEEING.
 25408 | D:5      | 25408 ||| FLEEEEING.
 25428 | D:5      | 25428 ||| FLEEEEING.
 25448 | D:5      | 25448 ||| FLEEEEING.
 25468 | D:5      | 25468 ||| FLEEEEING.
 25488 | D:5      | 25488 ||| FLEEEEING.
 25508 | D:5      | 25508 ||| FLEEEEING.
 25528 | D:5      | 25528 ||| FLEEEEING.
 25548 | D:5      | 25548 ||| FLEEEEING.
 25568 | D:5      | 25568 ||| FLEEEEING.
 25588 | D:5      | 25588 ||| FLEEEEING.
 25608 | D:5      | 25608 ||| FLEEEEING.
 25628 | D:5      | 25628 ||| FLEEEEING.
 25648 | D:5      | 25648 ||| FLEEEEING.
 25668 | D:5      | 25668 ||| FLEEEEING.
 25688 | D:5      | 25688 ||| FLEEEEING.
 25708 | D:5      | 25708 ||| FLEEEEING.
 25728 | D:5      | 25728 ||| FLEEEEING.
 25748 | D:5      | 25748 ||| FLEEEEING.
 25768 | D:5      | 25768 ||| FLEEEEING.
 25788 | D:5      | 25788 ||| FLEEEEING.
 25808 | D:5      | 25808 ||| FLEEEEING.
 25828 | D:5      | 25828 ||| FLEEEEING.
 25848 | D:5      | 25848 ||| FLEEEEING.
 25868 | D:5      | 25868 ||| FLEEEEING.
 25888 | D:5      | 25888 ||| FLEEEEING.
 25908 | D:5      | 25908 ||| FLEEEEING.
 25928 | D:5      | 25928 ||| FLEEEEING.
 25948 | D:5      | 25948 ||| FLEEEEING.
 25968 | D:5      | 25968 ||| FLEEEEING.
 25988 | D:5      | 25988 ||| FLEEEEING.
 26008 | D:5      | 26008 ||| FLEEEEING.
 26028 | D:5      | 26028 ||| FLEEEEING.
 26048 | D:5      | 26048 ||| FLEEEEING.
 26068 | D:5      | 26068 ||| FLEEEEING.
 26088 | D:5      | 26088 ||| FLEEEEING.
 26108 | D:5      | 26108 ||| FLEEEEING.
 26128 | D:5      | 26128 ||| FLEEEEING.
 26148 | D:5      | 26148 ||| FLEEEEING.
 26168 | D:5      | 26168 ||| FLEEEEING.
 26188 | D:5      | 26188 ||| FLEEEEING.
 26208 | D:5      | 26208 ||| FLEEEEING.
 26228 | D:5      | 26228 ||| FLEEEEING.
 26248 | D:5      | 26248 ||| FLEEEEING.
 26268 | D:5      | 26268 ||| FLEEEEING.
 26288 | D:5      | 26288 ||| FLEEEEING.
 26308 | D:5      | 26308 ||| FLEEEEING.
 26328 | D:5      | 26328 ||| FLEEEEING.
 26348 | D:5      | 26348 ||| FLEEEEING.
 26368 | D:5      | 26368 ||| FLEEEEING.
 26388 | D:5      | 26388 ||| FLEEEEING.
 26408 | D:5      | 26408 ||| FLEEEEING.
 26428 | D:5      | 26428 ||| FLEEEEING.
 26448 | D:5      | 26448 ||| FLEEEEING.
 26468 | D:5      | 26468 ||| FLEEEEING.
 26488 | D:5      | 26488 ||| FLEEEEING.
 26508 | D:5      | 26508 ||| FLEEEEING.
 26528 | D:5      | 26528 ||| FLEEEEING.
 26548 | D:5      | 26548 ||| FLEEEEING.
 26568 | D:5      | 26568 ||| FLEEEEING.
 26588 | D:5      | 26588 ||| FLEEEEING.
 26608 | D:5      | 26608 ||| FLEEEEING.
 26628 | D:5      | 26628 ||| FLEEEEING.
 26648 | D:5      | 26648 ||| FLEEEEING.
 26668 | D:5      | 26668 ||| FLEEEEING.
 26688 | D:5      | 26688 ||| FLEEEEING.
 26708 | D:5      | 26708 ||| FLEEEEING.
 26728 | D:5      | 26728 ||| FLEEEEING.
 26748 | D:5      | 26748 ||| FLEEEEING.
 26768 | D:5      | 26768 ||| FLEEEEING.
 26788 | D:5      | 26788 ||| FLEEEEING.
 26808 | D:5      | 26808 ||| FLEEEEING.
 26828 | D:5      | 26828 ||| FLEEEEING.
 26848 | D:5      | 26848 ||| FLEEEEING.
 26868 | D:5      | 26868 ||| FLEEEEING.
 26888 | D:5      | 26888 ||| FLEEEEING.
 26908 | D:5      | 26908 ||| FLEEEEING.
 26928 | D:5      | 26928 ||| FLEEEEING.
 26948 | D:5      | 26948 ||| FLEEEEING.
 26968 | D:5      | 26968 ||| FLEEEEING.
 26988 | D:5      | 26988 ||| FLEEEEING.
 27008 | D:5      | 27008 ||| FLEEEEING.
 27028 | D:5      | 27028 ||| FLEEEEING.
 27048 | D:5      | 27048 ||| FLEEEEING.
 27068 | D:5      | 27068 ||| FLEEEEING.
 27088 | D:5      | 27088 ||| FLEEEEING.
 27108 | D:5      | 27108 ||| FLEEEEING.
 27128 | D:5      | 27128 ||| FLEEEEING.
 27148 | D:5      | 27148 ||| FLEEEEING.
 27168 | D:5      | 27168 ||| FLEEEEING.
 27188 | D:5      | 27188 ||| FLEEEEING.
 27208 | D:5      | 27208 ||| FLEEEEING.
 27228 | D:5      | 27228 ||| FLEEEEING.
 27248 | D:5      | 27248 ||| FLEEEEING.
 27268 | D:5      | 27268 ||| FLEEEEING.
 27288 | D:5      | 27288 ||| FLEEEEING.
 27308 | D:5      | 27308 ||| FLEEEEING.
 27328 | D:5      | 27328 ||| FLEEEEING.
 27348 | D:5      | 27348 ||| FLEEEEING.
 27368 | D:5      | 27368 ||| FLEEEEING.
 27388 | D:5      | 27388 ||| FLEEEEING.
 27408 | D:5      | 27408 ||| FLEEEEING.
 27428 | D:5      | 27428 ||| FLEEEEING.
 27448 | D:5      | 27448 ||| FLEEEEING.
 27468 | D:5      | 27468 ||| FLEEEEING.
 27488 | D:5      | 27488 ||| FLEEEEING.
 27508 | D:5      | 27508 ||| FLEEEEING.
 27528 | D:5      | 27528 ||| FLEEEEING.
 27548 | D:5      | 27548 ||| FLEEEEING.
 27568 | D:5      | 27568 ||| FLEEEEING.
 27588 | D:5      | 27588 ||| FLEEEEING.
 27608 | D:5      | 27608 ||| FLEEEEING.
 27628 | D:5      | 27628 ||| FLEEEEING.
 27648 | D:5      | 27648 ||| FLEEEEING.
 27668 | D:5      | 27668 ||| FLEEEEING.
 27688 | D:5      | 27688 ||| FLEEEEING.
 27708 | D:5      | 27708 ||| FLEEEEING.
 27728 | D:5      | 27728 ||| FLEEEEING.
 27748 | D:5      | 27748 ||| FLEEEEING.
 27768 | D:5      | 27768 ||| FLEEEEING.
 27788 | D:5      | 27788 ||| FLEEEEING.
 27808 | D:5      | 27808 ||| FLEEEEING.
 27828 | D:5      | 27828 ||| FLEEEEING.
 27848 | D:5      | 27848 ||| FLEEEEING.
 27868 | D:5      | 27868 ||| FLEEEEING.
 27888 | D:5      | 27888 ||| FLEEEEING.
 27908 | D:5      | 27908 ||| FLEEEEING.
 27928 | D:5      | 27928 ||| FLEEEEING.
 27948 | D:5      | 27948 ||| FLEEEEING.
 27968 | D:5      | 27968 ||| FLEEEEING.
 27988 | D:5      | 27988 ||| FLEEEEING.
 28008 | D:5      | 28008 ||| FLEEEEING.
 28028 | D:5      | 28028 ||| FLEEEEING.
 28048 | D:5      | 28048 ||| FLEEEEING.
 28060 | D:5      | 28060 ||| PLANNING TEMPLE
 28067 | D:5      | 28067 ||| FLEEEEING.
 28073 | D:5      | 28073 ||| PLANNING TEMPLE
 28101 | Temple   | Entered the Ecumenical Temple
 28228 | Temple   | 28228 ||| PLANNING D:1-11
 28401 | D:5      | 28401 ||| DRINKING 3 fizzy dark potions.
 28409 | D:5      | 28409 ||| DROPPING 2 potions of ambrosia.
 28438 | D:6      | 28438 ||| PLANNING D:1-11
 28642 | D:6      | 28642 ||| Stepping ~*~*~tactically~*~*~ (hiding).
 28646 | D:6      | Reached skill level 1 in Throwing
 28650 | D:6      | Reached skill level 4 in Shields
 28650 | D:6      | Reached XP level 9. HP: 55/55 MP: 9/9
 29158 | D:6      | 29158 ||| READING scroll labelled PUHOAXK WEAKAW.
 29159 | D:6      | 29159 ||| DRINKING 2 murky white potions.
 29213 | D:7      | 29213 ||| STAIRDANCE
 29255 | D:7      | Noticed Pikel
 29260 | D:7      | Noticed a gargoyle
 29265 | D:7      | Killed Pikel
 29266 | D:7      | Noticed a gargoyle
 29269 | D:7      | HP: 10/57 [gargoyle/stone arrow (19)]
 29270 | D:7      | 29270 ||| READING 2 scrolls of teleportation.
 29270 | D:7      | HP: 3/57 [gargoyle/+0 mace (8)]
 29271 | D:7      | 29271 ||| DRINKING 6 potions of heal wounds.
 29272 | D:7      | Noticed Duvessa
 29272 | D:7      | Noticed Dowan
 29277 | D:7      | Killed Duvessa
 29282 | D:7      | Killed Dowan
 29405 | D:7      | 29405 ||| Stepping ~*~*~tactically~*~*~ (stealth).
 29416 | D:7      | Reached XP level 10. HP: 64/64 MP: 10/10
 29426 | D:7      | Killed a gargoyle
 29427 | D:7      | Reached skill level 5 in Shields
 29464 | D:7      | Found Gesottuf's Armour Emporium.
 29471 | D:7      | 29471 ||| SHOPLISTING +1 plate armour of poison resistance
                  | (512 gold, have 266).
 29471 | D:7      | 29471 ||| BUYING +1 scale mail of Gravity {Harm rCorr Int-3
                  | Dex-5} (144 gold).
 29471 | D:7      | Bought the +1 scale mail of Gravity {Harm rCorr Int-3
                  | Dex-5} for 144 gold pieces
 29515 | D:7      | Noticed a gargoyle
 29516 | D:7      | 29516 ||| Stepping ~*~*~tactically~*~*~ (stealth).
 29518 | D:7      | 29518 ||| Stepping ~*~*~tactically~*~*~ (hiding).
 29538 | D:7      | Killed a gargoyle
 29574 | D:7      | 29574 ||| Stepping ~*~*~tactically~*~*~ (stealth).
 29575 | D:7      | 29575 ||| Stepping ~*~*~tactically~*~*~ (stealth).
 29588 | D:7      | HP: 6/64 [gargoyle/stone arrow (16)]
 29589 | D:7      | 29589 ||| READING scroll of teleportation.
 29590 | D:7      | 29590 ||| DRINKING 5 potions of heal wounds.
 29592 | D:7      | 29592 ||| DRINKING 4 potions of heal wounds.
 29595 | D:7      | HP: 16/64 [orc/bolt of dispelling energy (9)]
 29596 | D:7      | 29596 ||| DRINKING 3 potions of heal wounds.
 29597 | D:7      | Killed a gargoyle
 29674 | D:7      | 29674 ||| Stepping ~*~*~tactically~*~*~ (hiding).
 29720 | D:7      | 29720 ||| Stepping ~*~*~tactically~*~*~ (stealth).
 29730 | D:7      | Reached skill level 9 in Fighting
 29738 | D:7      | 29738 ||| Stepping ~*~*~tactically~*~*~ (hiding).
 29765 | D:7      | 29765 ||| DROPPING +2 mace of draining.
 29767 | D:7      | Identified the +5 shortbow "Houpp" {heavy, rCorr Int+2}
 29770 | D:7      | Found a shimmering altar of Xom.
 29770 | D:7      | Noticed a gargoyle
 29790 | D:7      | Killed a gargoyle
 29796 | D:7      | 29796 ||| FLEEEEING.
 29796 | D:7      | Found a hazy altar of Hepliaklqana.
 29796 | D:7      | Found a white marble altar of Elyvilon.
 29796 | D:7      | Found a bloodstained altar of Trog.
 29797 | D:7      | 29797 ||| FLEEEEING.
 29798 | D:7      | 29798 ||| FLEEEEING.
 29799 | D:7      | 29799 ||| FLEEEEING.
 29800 | D:7      | 29800 ||| FLEEEEING.
 29801 | D:7      | 29801 ||| FLEEEEING.
 29802 | D:7      | 29802 ||| Stepping ~*~*~tactically~*~*~ (hiding).
 29840 | D:7      | 29840 ||| DROPPING +0 flail.
 30126 | D:7      | 30126 ||| Stepping ~*~*~tactically~*~*~ (hiding).
 30127 | D:7      | 30127 ||| Stepping ~*~*~tactically~*~*~ (hiding).
 30133 | D:7      | 30133 ||| Stepping ~*~*~tactically~*~*~ (hiding).
 30201 | D:7      | 30201 ||| UPGRADING to +0 chain mail.
 30211 | D:7      | 30211 ||| DROPPING +0 scale mail.
 30212 | D:7      | 30212 ||| UPGRADING to +2 fire dragon scales.
 30222 | D:7      | 30222 ||| UPGRADING to amulet of reflection.
 30227 | D:7      | 30227 ||| UPGRADING to ring of see invisible.
 30228 | D:7      | 30228 ||| READING scroll labelled BIGASULUO.
 30229 | D:7      | 30229 ||| READING scroll labelled OGOLAN JIUR.
 30314 | D:8      | Reached XP level 11. HP: 71/71 MP: 11/11
 30328 | D:8      | Reached skill level 6 in Armour
 30375 | D:8      | 30375 ||| Stepping ~*~*~tactically~*~*~ (stealth).
 30378 | D:8      | 30378 ||| Stepping ~*~*~tactically~*~*~ (stealth).
 30379 | D:8      | 30379 ||| Stepping ~*~*~tactically~*~*~ (stealth).
 30383 | D:8      | 30383 ||| Stepping ~*~*~tactically~*~*~ (hiding).
 30407 | D:8      | 30407 ||| Stepping ~*~*~tactically~*~*~ (hiding).
 30455 | D:8      | Found Gedghount's Assorted Antiques.
 30461 | D:8      | 30461 ||| BUYING ivory wand (64 gold).
 30461 | D:8      | Bought an ivory wand for 64 gold pieces
 30461 | D:8      | 30461 ||| SHOPLISTING plate armour (368 gold, have 159).
 30461 | D:8      | 30461 ||| BUYING potion of lignification (48 gold).
 30461 | D:8      | Bought a potion of lignification for 48 gold pieces
 30501 | D:8      | Reached skill level 12 in Axes
 30535 | D:8      | Reached skill level 6 in Shields
 30605 | D:8      | 30605 ||| READING 2 scrolls of enchant armour.
 30605 | D:8      | 30605 ||| ENCHANTING +1 helmet.
 30606 | D:8      | 30606 ||| READING scroll of enchant armour.
 30606 | D:8      | 30606 ||| ENCHANTING +2 fire dragon scales.
 30727 | D:8      | Found a staircase to the Lair.
 30777 | D:8      | 30777 ||| READING scroll of enchant weapon.
 30777 | D:8      | 30777 ||| ENCHANTING +1 war axe of electrocution.
 30871 | D:8      | 30871 ||| DROPPING ring of flight.
 30872 | D:8      | 30872 ||| DROPPING wand of charming (6).
 30886 | D:9      | Noticed a centaur warrior
 30887 | D:9      | 30887 ||| Stepping ~*~*~tactically~*~*~ (hiding).
 30901 | D:9      | Killed a centaur warrior
 30964 | D:9      | 30964 ||| FLEEEEING.
 30965 | D:9      | 30965 ||| FLEEEEING.
 30966 | D:9      | 30966 ||| FLEEEEING.
 30972 | D:9      | 30972 ||| Stepping ~*~*~tactically~*~*~ (hiding).
 30975 | D:9      | 30975 ||| Stepping ~*~*~tactically~*~*~ (hiding).
 31028 | D:9      | 31028 ||| Stepping ~*~*~tactically~*~*~ (stealth).
 31032 | D:9      | 31032 ||| Stepping ~*~*~tactically~*~*~ (hiding).
 31192 | D:9      | 31192 ||| Stepping ~*~*~tactically~*~*~ (stealth).
 31364 | D:9      | 31364 ||| Stepping ~*~*~tactically~*~*~ (hiding).
 31468 | D:9      | 31468 ||| DROPPING +0 morningstar.
 31487 | D:9      | Found a shimmering blue altar of Sif Muna.
 31487 | D:9      | Found an iron altar of Okawaru.
 31488 | D:9      | 31488 ||| PLANNING OKAWARU WORSHIP
 31488 | D:9      | 31488 ||| DROPPING +0 chain mail.
 31912 | D:9      | 31912 ||| PLANNING OKAWARU WORSHIP
 31961 | D:9      | 31961 ||| PLANNING OKAWARU WORSHIP
 31969 | D:9      | 31969 ||| PLANNING OKAWARU WORSHIP
 32003 | D:9      | 32003 ||| PLANNING OKAWARU WORSHIP
 32018 | D:9      | 32018 ||| PLANNING OKAWARU WORSHIP
 32063 | D:9      | 32063 ||| PLANNING OKAWARU WORSHIP
 32096 | D:9      | Became a worshipper of Warmaster Okawaru
 32096 | D:9      | 32096 ||| PLANNING D:1-11
 32128 | D:9      | 32128 ||| Stepping ~*~*~tactically~*~*~ (hiding).
 32129 | D:9      | 32129 ||| Stepping ~*~*~tactically~*~*~ (hiding).
 32134 | D:9      | 32134 ||| Stepping ~*~*~tactically~*~*~ (stealth).
 32135 | D:9      | 32135 ||| Stepping ~*~*~tactically~*~*~ (stealth).
 32138 | D:9      | 32138 ||| Stepping ~*~*~tactically~*~*~ (stealth).
 32139 | D:9      | 32139 ||| Stepping ~*~*~tactically~*~*~ (stealth).
 32140 | D:9      | 32140 ||| Stepping ~*~*~tactically~*~*~ (stealth).
 32145 | D:9      | 32145 ||| PLANNING LAIR
 32276 | Lair:1   | Entered Level 1 of the Lair of Beasts
 32394 | Lair:1   | Reached * piety under Okawaru
 32472 | Lair:1   | 32472 ||| INVOKING Heroism.
 32668 | Lair:1   | 32668 ||| INVOKING Heroism.
 32675 | Lair:1   | Reached skill level 1 in Invocations
 32706 | Lair:1   | 32706 ||| Stepping ~*~*~tactically~*~*~ (stealth).
 32711 | Lair:1   | 32711 ||| INVOKING Heroism.
 32724 | Lair:1   | 32724 ||| INVOKING Heroism.
 32730 | Lair:1   | Reached skill level 3 in Invocations
 32834 | Lair:1   | Reached XP level 12. HP: 72/77 MP: 14/14
 32900 | Lair:1   | Reached ** piety under Okawaru
 33198 | Lair:1   | 33198 ||| UPGRADING to +0 pair of boots.
 33257 | Lair:2   | 33257 ||| Stepping ~*~*~tactically~*~*~ (stealth).
 33258 | Lair:2   | 33258 ||| INVOKING Heroism.
 33278 | Lair:2   | 33278 ||| INVOKING Heroism.
 33481 | Lair:2   | Reached *** piety under Okawaru
 33628 | Lair:2   | 33628 ||| INVOKING Heroism.
 33749 | Lair:2   | 33749 ||| READING scroll of enchant weapon.
 33749 | Lair:2   | 33749 ||| ENCHANTING +2 war axe of electrocution.
 33816 | Lair:2   | Found a hole to the Spider Nest.
 33818 | Lair:2   | 33818 ||| Stepping ~*~*~tactically~*~*~ (stealth).
 33924 | Lair:2   | 33924 ||| UPGRADING to +0 cloak.
 33929 | Lair:2   | 33929 ||| READING 5 scrolls of identify.
 33929 | Lair:2   | 33929 ||| IDENTIFYING grey potion
 34015 | Lair:3   | 34015 ||| Stepping ~*~*~tactically~*~*~ (hiding).
 34016 | Lair:3   | 34016 ||| Stepping ~*~*~tactically~*~*~ (hiding).
 34129 | Lair:3   | 34129 ||| Stepping ~*~*~tactically~*~*~ (stealth).
 34131 | Lair:3   | 34131 ||| Stepping ~*~*~tactically~*~*~ (stealth).
 34132 | Lair:3   | 34132 ||| INVOKING Heroism.
 34158 | Lair:3   | 34158 ||| Stepping ~*~*~tactically~*~*~ (stealth).
 34159 | Lair:3   | 34159 ||| Stepping ~*~*~tactically~*~*~ (stealth).
 34161 | Lair:3   | 34161 ||| INVOKING Heroism.
 34163 | Lair:3   | Reached skill level 9 in Armour
 34176 | Lair:3   | 34176 ||| Stepping ~*~*~tactically~*~*~ (stealth).
 34201 | Lair:3   | Found the +8 demon blade "Leech" {evervamp, Harm Drain rN+}
 34211 | Lair:3   | 34211 ||| Stepping ~*~*~tactically~*~*~ (stealth).
 34212 | Lair:3   | 34212 ||| Stepping ~*~*~tactically~*~*~ (stealth).
 34258 | Lair:3   | 34258 ||| INVOKING Heroism.
 34346 | Lair:3   | 34346 ||| INVOKING Heroism.
 34353 | Lair:3   | Reached skill level 7 in Shields
 34419 | Lair:3   | You fall into a shaft and drop 2 floors!
 34419 | Lair:5   | Entered Level 5 of the Lair of Beasts
 34424 | Lair:5   | 34424 ||| INVOKING Heroism.
 34434 | Lair:5   | 34434 ||| INVOKING Heroism.
 34485 | Lair:5   | 34485 ||| INVOKING Heroism.
 34494 | Lair:5   | Reached XP level 13. HP: 84/84 MP: 14/16
 34508 | Lair:5   | 34508 ||| INVOKING Heroism.
 34605 | Lair:3   | 34605 ||| Stepping ~*~*~tactically~*~*~ (stealth).
 34623 | Lair:3   | 34623 ||| Stepping ~*~*~tactically~*~*~ (hiding).
 34625 | Lair:3   | 34625 ||| Stepping ~*~*~tactically~*~*~ (hiding).
 34627 | Lair:3   | 34627 ||| INVOKING Heroism.
 34633 | Lair:3   | Reached **** piety under Okawaru
 34649 | Lair:3   | 34649 ||| INVOKING Heroism.
 34651 | Lair:3   | 34651 ||| SWAPPING to -3 eveningstar.
 34657 | Lair:3   | Reached skill level 15 in Axes
 34657 | Lair:3   | 34657 ||| SWAPPING to +3 war axe of electrocution.
 34658 | Lair:3   | 34658 ||| Stepping ~*~*~tactically~*~*~ (stealth).
 34661 | Lair:3   | 34661 ||| Stepping ~*~*~tactically~*~*~ (stealth).
 34677 | Lair:3   | 34677 ||| INVOKING Heroism.
 34726 | Lair:3   | 34726 ||| READING scroll of enchant weapon.
 34726 | Lair:3   | 34726 ||| ENCHANTING +3 war axe of electrocution.
 34942 | Lair:3   | Found a staircase to the Swamp.
 34943 | Lair:3   | 34943 ||| Stepping ~*~*~tactically~*~*~ (hiding).
 34957 | Lair:3   | 34957 ||| INVOKING Heroism.
 34960 | Lair:3   | 34960 ||| Stepping ~*~*~tactically~*~*~ (cloud).
 34968 | Lair:3   | 34968 ||| SWAPPING to -3 eveningstar.
 34974 | Lair:3   | 34974 ||| SWAPPING to +4 war axe of electrocution.
 35086 | Lair:4   | 35086 ||| STAIRDANCE
 35125 | Lair:4   | 35125 ||| Stepping ~*~*~tactically~*~*~ (stealth).
 35130 | Lair:4   | Received a gift from Okawaru
 35190 | Lair:4   | 35190 ||| Stepping ~*~*~tactically~*~*~ (stealth).
 35191 | Lair:4   | 35191 ||| INVOKING Heroism.
 35197 | Lair:4   | Reached skill level 12 in Fighting
 35281 | Lair:4   | 35281 ||| FLEEEEING.
 35282 | Lair:4   | 35282 ||| FLEEEEING.
 35284 | Lair:4   | 35284 ||| FLEEEEING.
 35285 | Lair:4   | 35285 ||| FLEEEEING.
 35286 | Lair:4   | 35286 ||| FLEEEEING.
 35287 | Lair:4   | 35287 ||| FLEEEEING.
 35288 | Lair:4   | 35288 ||| FLEEEEING.
 35289 | Lair:4   | 35289 ||| FLEEEEING.
 35290 | Lair:4   | 35290 ||| FLEEEEING.
 35291 | Lair:4   | 35291 ||| FLEEEEING.
 35292 | Lair:4   | 35292 ||| FLEEEEING.
 35293 | Lair:4   | 35293 ||| FLEEEEING.
 35294 | Lair:4   | 35294 ||| FLEEEEING.
 35295 | Lair:4   | 35295 ||| FLEEEEING.
 35296 | Lair:4   | 35296 ||| INVOKING Heroism.
 35303 | Lair:4   | Reached skill level 6 in Invocations
 35328 | Lair:4   | Reached ***** piety under Okawaru
 35329 | Lair:4   | 35329 ||| INVOKING Finesse.
 35332 | Lair:4   | 35332 ||| INVOKING Heroism.
 35386 | Lair:4   | Found a viscous altar of Jiyva.
 35386 | Lair:4   | Found a staircase to the Slime Pits.
 35432 | Lair:4   | 35432 ||| INVOKING Heroism.
 35437 | Lair:4   | 35437 ||| SWAPPING to -3 eveningstar.
 35442 | Lair:4   | Received a gift from Okawaru
 35443 | Lair:4   | 35443 ||| SWAPPING to +4 war axe of electrocution.
 35481 | Lair:4   | 35481 ||| INVOKING Heroism.
 35831 | Lair:5   | Received a gift from Okawaru
 35846 | Lair:5   | 35846 ||| INVOKING Heroism.
 35923 | Lair:5   | 35923 ||| INVOKING Heroism.
 36060 | Lair:5   | Gained mutation: Your large and strong wings let you fly.
                  | [Gargoyle growth]
 36060 | Lair:5   | Reached XP level 14. HP: 92/92 MP: 20/20
 36091 | Lair:5   | 36091 ||| READING scroll of enchant armour.
 36091 | Lair:5   | 36091 ||| ENCHANTING +0 pair of boots.
 36208 | Lair:5   | 36208 ||| INVOKING Heroism.
 36302 | Lair:5   | Noticed a dire elephant
 36302 | Lair:5   | Noticed a dire elephant
 36302 | Lair:5   | Noticed a dire elephant
 36303 | Lair:5   | Noticed a dire elephant
 36304 | Lair:5   | 36304 ||| INVOKING Heroism.
 36317 | Lair:5   | Killed a dire elephant
 36318 | Lair:5   | Reached skill level 3 in Throwing
 36398 | Lair:5   | Reached skill level 9 in Invocations
 36404 | Lair:5   | 36404 ||| INVOKING Heroism.
 36406 | Lair:5   | 36406 ||| Stepping ~*~*~tactically~*~*~ (hiding).
 36446 | Lair:5   | 36446 ||| INVOKING Heroism.
 36453 | Lair:5   | 36453 ||| DRINKING potion of cancellation.
 36499 | Lair:5   | 36499 ||| INVOKING Heroism.
 36654 | Lair:5   | 36654 ||| INVOKING Heroism.
 36664 | Lair:5   | Killed a dire elephant
 36669 | Lair:5   | Killed a dire elephant
 36680 | Lair:5   | Killed a dire elephant
 36681 | Lair:5   | HP: 13/92 [dire elephant simulacrum[a necromancer] (26)]
 36682 | Lair:5   | 36682 ||| READING 5 scrolls of teleportation.
 36683 | Lair:5   | 36683 ||| DRINKING 4 potions of heal wounds.
 36972 | Lair:5   | 36972 ||| INVOKING Heroism.
 36973 | Lair:5   | 36973 ||| Stepping ~*~*~tactically~*~*~ (stealth).
 36979 | Lair:5   | Received a gift from Okawaru
 37115 | Lair:5   | Received a gift from Okawaru
 37412 | Lair:5   | 37412 ||| PLANNING D:1-11
 37412 | Lair:5   | 37412 ||| DROPPING +0 plate armour.
 37413 | Lair:5   | 37413 ||| UPGRADING to +0 pearl dragon scales.
 37423 | Lair:5   | 37423 ||| DROPPING amulet of magic regeneration.
 37828 | D:9      | 37828 ||| Stepping ~*~*~tactically~*~*~ (hiding).
 37833 | D:9      | 37833 ||| Stepping ~*~*~tactically~*~*~ (hiding).
 38031 | D:10     | Entered Level 10 of the Dungeon
 38035 | D:10     | 38035 ||| Stepping ~*~*~tactically~*~*~ (stealth).
 38042 | D:10     | 38042 ||| Stepping ~*~*~tactically~*~*~ (stealth).
 38052 | D:10     | Noticed Erica
 38052 | D:10     | 38052 ||| INVOKING Heroism.
 38067 | D:10     | Killed Erica
 38085 | D:10     | 38085 ||| READING scroll of enchant weapon.
 38085 | D:10     | 38085 ||| ENCHANTING +4 war axe of electrocution.
 38098 | D:10     | 38098 ||| READING scroll of enchant weapon.
 38098 | D:10     | 38098 ||| ENCHANTING +5 war axe of electrocution.
 38159 | D:10     | 38159 ||| Stepping ~*~*~tactically~*~*~ (stealth).
 38235 | D:10     | Found Gasi's Serpentskin Sales.
 38351 | D:10     | Found a sparkling altar of Nemelex Xobeh.
 38462 | D:10     | 38462 ||| READING scroll of enchant armour.
 38462 | D:10     | 38462 ||| ENCHANTING +0 pearl dragon scales.
 38482 | D:10     | Found Taul Wam's Fire Supplies.
 38497 | D:10     | 38497 ||| BUYING +0 pair of boots of fire resistance (115
                  | gold).
 38497 | D:10     | Bought a +0 pair of boots of fire resistance for 115 gold
                  | pieces
 38497 | D:10     | 38497 ||| BUYING +2 plate armour of fire resistance (400
                  | gold).
 38497 | D:10     | Bought a +2 plate armour of fire resistance for 400 gold
                  | pieces
 38497 | D:10     | 38497 ||| SHOPLISTING ring of fire (250 gold, have 100).
 38497 | D:10     | 38497 ||| SHOPLISTING ring of protection from fire (250
                  | gold, have 100).
 38542 | D:10     | 38542 ||| UPGRADING to +0 pair of boots of fire resistance.
 38676 | D:11     | 38676 ||| Stepping ~*~*~tactically~*~*~ (hiding).
 38677 | D:11     | 38677 ||| Stepping ~*~*~tactically~*~*~ (hiding).
 38680 | D:11     | 38680 ||| Stepping ~*~*~tactically~*~*~ (hiding).
 38721 | D:11     | 38721 ||| Stepping ~*~*~tactically~*~*~ (hiding).
 38722 | D:11     | 38722 ||| Stepping ~*~*~tactically~*~*~ (hiding).
 38724 | D:11     | 38724 ||| Stepping ~*~*~tactically~*~*~ (hiding).
 38726 | D:11     | 38726 ||| Stepping ~*~*~tactically~*~*~ (hiding).
 38727 | D:11     | 38727 ||| Stepping ~*~*~tactically~*~*~ (hiding).
 38736 | D:11     | 38736 ||| Stepping ~*~*~tactically~*~*~ (hiding).
 38737 | D:11     | 38737 ||| Stepping ~*~*~tactically~*~*~ (hiding).
 38740 | D:11     | 38740 ||| Stepping ~*~*~tactically~*~*~ (hiding).
 38779 | D:11     | Found a staircase to the Orcish Mines.
 38801 | D:11     | 38801 ||| INVOKING Heroism.
 38869 | D:11     | 38869 ||| Stepping ~*~*~tactically~*~*~ (stealth).
 38884 | D:11     | 38884 ||| INVOKING Heroism.
 38964 | D:11     | Noticed Psyche
 38970 | D:11     | Killed Psyche
 39236 | D:11     | Identified the +8 trident of the Scorching Gods {heavy,
                  | *Rage rPois Str+2 Int+5}
 39468 | D:11     | 39468 ||| PLANNING D
 39468 | D:11     | 39468 ||| DRINKING 2 fizzy green potions.
 39485 | D:12     | 39485 ||| STAIRDANCE
 39533 | D:12     | Reached skill level 8 in Shields
 39712 | D:12     | 39712 ||| INVOKING Heroism.
 39746 | D:12     | 39746 ||| Stepping ~*~*~tactically~*~*~ (stealth).
 39748 | D:12     | 39748 ||| Stepping ~*~*~tactically~*~*~ (stealth).
 39750 | D:12     | 39750 ||| Stepping ~*~*~tactically~*~*~ (stealth).
 39764 | D:12     | 39764 ||| READING scroll of acquirement.
 39764 | D:12     | 39764 ||| ACQUIRING +2 broad axe "Reezai" {antimagic, rElec
                  | rN+ Int-5}
 39764 | D:12     | Acquired the +2 broad axe "Reezai" {antimagic, rElec rN+
                  | Int-5}
 39766 | D:12     | 39766 ||| SWAPPING to +2 broad axe "Reezai" {antimagic,
                  | rElec rN+ Int-5}.
 39767 | D:12     | 39767 ||| DROPPING +6 war axe of electrocution.
 39904 | D:12     | Noticed Urug
 39905 | D:12     | 39905 ||| INVOKING Heroism.
 39909 | D:12     | Killed Urug
 39910 | D:12     | Reached skill level 3 in Dodging
 39995 | D:12     | 39995 ||| DROPPING +1 pair of boots.
 39996 | D:12     | 39996 ||| READING 14 scrolls of identify.
 39996 | D:12     | 39996 ||| IDENTIFYING red potion
 39997 | D:12     | 39997 ||| DROPPING potion of flight.
 40011 | D:12     | 40011 ||| INVOKING Heroism.
 40023 | D:12     | 40023 ||| READING 5 scrolls of teleportation.
 40071 | D:12     | 40071 ||| Stepping ~*~*~tactically~*~*~ (stealth).
 40288 | D:12     | Reached XP level 15. HP: 84/96 MP: 7/22
 40413 | D:13     | 40413 ||| STAIRDANCE
 40442 | D:13     | Received a gift from Okawaru
 40563 | D:13     | 40563 ||| Stepping ~*~*~tactically~*~*~ (stealth).
 40616 | D:13     | 40616 ||| Stepping ~*~*~tactically~*~*~ (hiding).
 41372 | D:13     | Found a runed translucent door.
 41372 | D:13     | Found a shimmering altar of Xom.
 41372 | D:13     | Noticed Dirphi Vium's ghost (journeyman MiBe)
 41409 | D:13     | 41409 ||| INVOKING Heroism.
 41723 | D:13     | 41723 ||| DROPPING +1 scale mail of Gravity {Harm rCorr
                  | Int-3 Dex-5}.
 41724 | D:13     | 41724 ||| DROPPING amulet of regeneration.
 41766 | D:14     | 41766 ||| Stepping ~*~*~tactically~*~*~ (hiding).
 41768 | D:14     | 41768 ||| Stepping ~*~*~tactically~*~*~ (hiding).
 41771 | D:14     | 41771 ||| Stepping ~*~*~tactically~*~*~ (hiding).
 41778 | D:14     | 41778 ||| STAIRDANCE
 41782 | D:13     | 41782 ||| INVOKING Heroism.
 41937 | D:14     | 41937 ||| INVOKING Heroism.
 41947 | D:14     | 41947 ||| Stepping ~*~*~tactically~*~*~ (hiding).
 41948 | D:14     | 41948 ||| Stepping ~*~*~tactically~*~*~ (hiding).
 42123 | D:14     | Found a gate to the Vaults.
 42135 | D:14     | 42135 ||| INVOKING Heroism.
 42208 | D:14     | 42208 ||| DROPPING -3 eveningstar.
 42276 | D:14     | Noticed Rupert
 42277 | D:14     | 42277 ||| INVOKING Heroism.
 42278 | D:14     | 42278 ||| INVOKING Finesse.
 42288 | D:14     | Killed Rupert
 42288 | D:14     | Received a gift from Okawaru
 42512 | D:14     | 42512 ||| INVOKING Heroism.
 42606 | D:14     | 42606 ||| FLEEEEING.
 42607 | D:14     | 42607 ||| FLEEEEING.
 42867 | D:14     | 42867 ||| Stepping ~*~*~tactically~*~*~ (hiding).
 42869 | D:14     | 42869 ||| Stepping ~*~*~tactically~*~*~ (hiding).
 43052 | D:14     | Noticed Louise
 43053 | D:14     | 43053 ||| Stepping ~*~*~tactically~*~*~ (hiding).
 43054 | D:14     | 43054 ||| Stepping ~*~*~tactically~*~*~ (hiding).
 43056 | D:14     | 43056 ||| INVOKING Heroism.
 43057 | D:14     | 43057 ||| INVOKING Finesse.
 43067 | D:14     | Killed Louise
 43068 | D:14     | Reached skill level 12 in Armour
 43069 | D:14     | 43069 ||| Stepping ~*~*~tactically~*~*~ (stealth).
 43070 | D:14     | 43070 ||| Stepping ~*~*~tactically~*~*~ (hiding).
 43072 | D:14     | 43072 ||| Stepping ~*~*~tactically~*~*~ (hiding).
 43115 | D:14     | 43115 ||| FLEEEEING.
 43116 | D:14     | 43116 ||| FLEEEEING.
 43117 | D:14     | 43117 ||| FLEEEEING.
 43118 | D:14     | 43118 ||| FLEEEEING.
 43119 | D:14     | 43119 ||| FLEEEEING.
 43120 | D:14     | 43120 ||| FLEEEEING.
 43121 | D:14     | 43121 ||| FLEEEEING.
 43130 | D:14     | Reached skill level 6 in Throwing
 43130 | D:14     | 43130 ||| INVOKING Heroism.
 43139 | D:14     | Received a gift from Okawaru
 43331 | D:14     | 43331 ||| UPGRADING to +0 tower shield.
 43341 | D:14     | 43341 ||| DROPPING +0 buckler.
 43342 | D:14     | 43342 ||| DROPPING amulet of faith.
 43343 | D:14     | 43343 ||| DROPPING +6 ring of intelligence.
 43380 | D:14     | 43380 ||| Stepping ~*~*~tactically~*~*~ (stealth).
 43382 | D:14     | 43382 ||| Stepping ~*~*~tactically~*~*~ (stealth).
 43383 | D:14     | 43383 ||| Stepping ~*~*~tactically~*~*~ (stealth).
 43418 | D:15     | Entered Level 15 of the Dungeon
 43421 | D:15     | 43421 ||| Stepping ~*~*~tactically~*~*~ (hiding).
 43422 | D:15     | 43422 ||| Stepping ~*~*~tactically~*~*~ (hiding).
 43425 | D:15     | 43425 ||| Stepping ~*~*~tactically~*~*~ (hiding).
 43448 | D:15     | 43448 ||| Stepping ~*~*~tactically~*~*~ (stealth).
 43449 | D:15     | 43449 ||| Stepping ~*~*~tactically~*~*~ (stealth).
 43450 | D:15     | 43450 ||| Stepping ~*~*~tactically~*~*~ (stealth).
 43451 | D:15     | 43451 ||| Stepping ~*~*~tactically~*~*~ (stealth).
 43611 | D:15     | 43611 ||| Stepping ~*~*~tactically~*~*~ (stealth).
 43612 | D:15     | 43612 ||| Stepping ~*~*~tactically~*~*~ (stealth).
 43799 | D:15     | Reached skill level 9 in Shields
 43863 | D:15     | Received a gift from Okawaru
 43951 | D:15     | Found a snail-covered altar of Cheibriados.
 43952 | D:15     | 43952 ||| INVOKING Heroism.
 43953 | D:15     | 43953 ||| INVOKING Finesse.
 43955 | D:15     | 43955 ||| SWAPPING to +2 war axe of flaming.
 43961 | D:15     | 43961 ||| SWAPPING to +2 broad axe "Reezai" {antimagic,
                  | rElec rN+ Int-5}.
 43971 | D:15     | Received a gift from Okawaru
 43985 | D:15     | Reached skill level 10 in Shields
 44146 | D:15     | Reached XP level 16. HP: 86/104 MP: 7/23
 44176 | D:15     | 44176 ||| Stepping ~*~*~tactically~*~*~ (hiding).
 44265 | D:15     | 44265 ||| Stepping ~*~*~tactically~*~*~ (stealth).
 44266 | D:15     | 44266 ||| Stepping ~*~*~tactically~*~*~ (stealth).
 44267 | D:15     | 44267 ||| Stepping ~*~*~tactically~*~*~ (stealth).
 44280 | D:15     | 44280 ||| Stepping ~*~*~tactically~*~*~ (stealth).
 44302 | D:15     | Found a staircase to the Depths.
 44644 | D:15     | 44644 ||| Stepping ~*~*~tactically~*~*~ (hiding).
 44655 | D:15     | Received a gift from Okawaru
 44656 | D:15     | Reached skill level 11 in Shields
 44673 | D:15     | 44673 ||| INVOKING Heroism.
 44674 | D:15     | 44674 ||| INVOKING Finesse.
 44675 | D:15     | 44675 ||| SWAPPING to +2 war axe of flaming.
 44682 | D:15     | 44682 ||| SWAPPING to +2 broad axe "Reezai" {antimagic,
                  | rElec rN+ Int-5}.
 44900 | D:15     | 44900 ||| PLANNING ORC
 44900 | D:15     | 44900 ||| DROPPING +2 pair of gloves.
 44901 | D:15     | 44901 ||| READING 2 scrolls labelled WUOMEI RIKLE.
 44902 | D:15     | 44902 ||| DROPPING scroll of blinking.
 44995 | Orc:1    | Entered Level 1 of the Orcish Mines
 45027 | Orc:1    | 45027 ||| INVOKING Heroism.
 45159 | Orc:1    | You are sucked into a shaft and drop 1 floor!
 45159 | Orc:2    | Entered Level 2 of the Orcish Mines
 45160 | Orc:2    | 45160 ||| INVOKING Heroism.
 45351 | Orc:1    | 45351 ||| Stepping ~*~*~tactically~*~*~ (stealth).
 45353 | Orc:1    | 45353 ||| Stepping ~*~*~tactically~*~*~ (hiding).
 45726 | Orc:2    | Found a staircase to the Elven Halls.
 45749 | Orc:2    | 45749 ||| FLEEEEING.
 45798 | Orc:2    | Found a radiant altar of Vehumet.
 45935 | Orc:2    | 45935 ||| Stepping ~*~*~tactically~*~*~ (stealth).
 45937 | Orc:2    | 45937 ||| Stepping ~*~*~tactically~*~*~ (stealth).
 45939 | Orc:2    | 45939 ||| Stepping ~*~*~tactically~*~*~ (stealth).
 45945 | Orc:2    | 45945 ||| Stepping ~*~*~tactically~*~*~ (hiding).
 45955 | Orc:2    | 45955 ||| Stepping ~*~*~tactically~*~*~ (hiding).
 45956 | Orc:2    | 45956 ||| Stepping ~*~*~tactically~*~*~ (hiding).
 45957 | Orc:2    | 45957 ||| Stepping ~*~*~tactically~*~*~ (hiding).
 45958 | Orc:2    | 45958 ||| Stepping ~*~*~tactically~*~*~ (hiding).
 45959 | Orc:2    | 45959 ||| Stepping ~*~*~tactically~*~*~ (hiding).
 45960 | Orc:2    | 45960 ||| Stepping ~*~*~tactically~*~*~ (hiding).
 46064 | Orc:2    | 46064 ||| Stepping ~*~*~tactically~*~*~ (stealth).
 46065 | Orc:2    | 46065 ||| Stepping ~*~*~tactically~*~*~ (hiding).
 46066 | Orc:2    | 46066 ||| Stepping ~*~*~tactically~*~*~ (stealth).
 46067 | Orc:2    | 46067 ||| Stepping ~*~*~tactically~*~*~ (hiding).
 46068 | Orc:2    | 46068 ||| Stepping ~*~*~tactically~*~*~ (hiding).
 46069 | Orc:2    | 46069 ||| Stepping ~*~*~tactically~*~*~ (hiding).
 46070 | Orc:2    | 46070 ||| Stepping ~*~*~tactically~*~*~ (hiding).
 46217 | Orc:2    | 46217 ||| Stepping ~*~*~tactically~*~*~ (stealth).
 46218 | Orc:2    | 46218 ||| Stepping ~*~*~tactically~*~*~ (hiding).
 46219 | Orc:2    | 46219 ||| Stepping ~*~*~tactically~*~*~ (stealth).
 46221 | Orc:2    | 46221 ||| Stepping ~*~*~tactically~*~*~ (stealth).
 46223 | Orc:2    | 46223 ||| Stepping ~*~*~tactically~*~*~ (hiding).
 46224 | Orc:2    | 46224 ||| Stepping ~*~*~tactically~*~*~ (hiding).
 46225 | Orc:2    | 46225 ||| INVOKING Heroism.
 46226 | Orc:2    | Reached skill level 12 in Shields
 46269 | Orc:2    | Found Cibiotapp's Assorted Antiques.
 46270 | Orc:2    | Found Daeseg's Weapon Emporium.
 46270 | Orc:2    | Found Jeusk's Armour Boutique.
 46308 | Orc:2    | Found Waixod's Distillery.
 46313 | Orc:2    | 46313 ||| BUYING +1 tower shield of protection (231 gold).
 46313 | Orc:2    | Bought a +1 tower shield of protection for 231 gold pieces
 46315 | Orc:2    | 46315 ||| BUYING 2 potions of curing (210 gold).
 46315 | Orc:2    | Bought 2 potions of curing for 210 gold pieces
 46315 | Orc:2    | 46315 ||| BUYING potion of cancellation (280 gold).
 46315 | Orc:2    | Bought a potion of cancellation for 280 gold pieces
 46315 | Orc:2    | 46315 ||| BUYING potion of lignification (105 gold).
 46315 | Orc:2    | Bought a potion of lignification for 105 gold pieces
 46315 | Orc:2    | 46315 ||| BUYING potion of magic (280 gold).
 46315 | Orc:2    | Bought a potion of magic for 280 gold pieces
 46315 | Orc:2    | 46315 ||| BUYING potion of might (140 gold).
 46315 | Orc:2    | Bought a potion of might for 140 gold pieces
 46320 | Orc:2    | 46320 ||| BUYING potion of cancellation (104 gold).
 46320 | Orc:2    | Bought a potion of cancellation for 104 gold pieces
 46320 | Orc:2    | 46320 ||| BUYING potion of curing (39 gold).
 46320 | Orc:2    | Bought a potion of curing for 39 gold pieces
 46320 | Orc:2    | 46320 ||| BUYING potion of curing (39 gold).
 46320 | Orc:2    | Bought a potion of curing for 39 gold pieces
 46320 | Orc:2    | 46320 ||| SHOPLISTING potion of haste (130 gold, have 107).
 46320 | Orc:2    | 46320 ||| BUYING potion of heal wounds (65 gold).
 46320 | Orc:2    | Bought a potion of heal wounds for 65 gold pieces
 46320 | Orc:2    | 46320 ||| SHOPLISTING potion of might (52 gold, have 42).
 46320 | Orc:2    | 46320 ||| SHOPLISTING potion of mutation (104 gold, have
                  | 42).
 46457 | Orc:2    | 46457 ||| PLANNING SPIDER:1-3
 46457 | Orc:2    | 46457 ||| UPGRADING to +1 tower shield of protection.
 46467 | Orc:2    | 46467 ||| DROPPING +0 tower shield.
 46645 | Spider:1 | Entered Level 1 of the Spider Nest
 46647 | Spider:1 | 46647 ||| Stepping ~*~*~tactically~*~*~ (stealth).
 46654 | Spider:1 | 46654 ||| Stepping ~*~*~tactically~*~*~ (stealth).
 46663 | Spider:1 | Received a gift from Okawaru
 46670 | Spider:1 | 46670 ||| Stepping ~*~*~tactically~*~*~ (stealth).
 46671 | Spider:1 | 46671 ||| Stepping ~*~*~tactically~*~*~ (stealth).
 46752 | Spider:1 | 46752 ||| INVOKING Finesse.
 46760 | Spider:1 | 46760 ||| Stepping ~*~*~tactically~*~*~ (hiding).
 46773 | Spider:1 | Reached skill level 13 in Shields
 46854 | Spider:1 | 46854 ||| Stepping ~*~*~tactically~*~*~ (hiding).
 46888 | Spider:1 | 46888 ||| Stepping ~*~*~tactically~*~*~ (stealth).
 46889 | Spider:1 | 46889 ||| Stepping ~*~*~tactically~*~*~ (stealth).
 46890 | Spider:1 | 46890 ||| Stepping ~*~*~tactically~*~*~ (stealth).
 46891 | Spider:1 | 46891 ||| Stepping ~*~*~tactically~*~*~ (stealth).
 46893 | Spider:1 | 46893 ||| Stepping ~*~*~tactically~*~*~ (stealth).
 46982 | Spider:1 | 46982 ||| INVOKING Heroism.
 47007 | Spider:1 | 47007 ||| Stepping ~*~*~tactically~*~*~ (stealth).
 47033 | Spider:1 | 47033 ||| Stepping ~*~*~tactically~*~*~ (stealth).
 47059 | Spider:1 | 47059 ||| Stepping ~*~*~tactically~*~*~ (stealth).
 47061 | Spider:1 | 47061 ||| Stepping ~*~*~tactically~*~*~ (stealth).
 47084 | Spider:1 | 47084 ||| Stepping ~*~*~tactically~*~*~ (hiding).
 47210 | Spider:1 | 47210 ||| DROPPING +2 broad axe of freezing.
 47446 | Spider:1 | 47446 ||| DROPPING +0 chain mail of poison resistance.
 47447 | Spider:1 | 47447 ||| DROPPING +2 hat.
 47496 | Spider:2 | Reached skill level 14 in Shields
 47496 | Spider:2 | 47496 ||| STAIRDANCE
 47521 | Spider:2 | 47521 ||| INVOKING Heroism.
 47572 | Spider:2 | 47572 ||| Stepping ~*~*~tactically~*~*~ (stealth).
 47578 | Spider:2 | Received a gift from Okawaru
 47755 | Spider:2 | 47755 ||| INVOKING Heroism.
 47851 | Spider:2 | 47851 ||| INVOKING Heroism.
 47973 | Spider:2 | 47973 ||| INVOKING Heroism.
 47974 | Spider:2 | Received a gift from Okawaru
 47975 | Spider:2 | Reached skill level 15 in Shields
 48043 | Spider:2 | 48043 ||| Stepping ~*~*~tactically~*~*~ (hiding).
 48446 | Spider:2 | 48446 ||| DRINKING 2 silvery potions.
 48551 | Spider:2 | 48551 ||| DROPPING potion of berserk rage.
 48589 | Spider:3 | 48589 ||| INVOKING Finesse.
 48646 | Spider:3 | 48646 ||| INVOKING Finesse.
 48805 | Spider:3 | 48805 ||| Stepping ~*~*~tactically~*~*~ (stealth).
 48807 | Spider:3 | 48807 ||| Stepping ~*~*~tactically~*~*~ (stealth).
 49086 | Spider:3 | Reached XP level 17. HP: 105/108 MP: 8/24
 49168 | Spider:3 | 49168 ||| Stepping ~*~*~tactically~*~*~ (stealth).
 49195 | Spider:3 | Reached skill level 16 in Shields
 49233 | Spider:3 | 49233 ||| INVOKING Heroism.
 49409 | Spider:3 | 49409 ||| Stepping ~*~*~tactically~*~*~ (stealth).
 49410 | Spider:3 | 49410 ||| Stepping ~*~*~tactically~*~*~ (stealth).
 50256 | Spider:3 | 50256 ||| PLANNING SWAMP:1-3
 50351 | Swamp:1  | Entered Level 1 of the Swamp
 50408 | Swamp:1  | 50408 ||| Stepping ~*~*~tactically~*~*~ (hiding).
 50413 | Swamp:1  | 50413 ||| Stepping ~*~*~tactically~*~*~ (hiding).
 50446 | Swamp:1  | 50446 ||| Stepping ~*~*~tactically~*~*~ (stealth).
 50692 | Swamp:1  | 50692 ||| INVOKING Heroism.
 50854 | Swamp:1  | Reached skill level 17 in Shields
 50888 | Swamp:1  | 50888 ||| INVOKING Heroism.
 50890 | Swamp:1  | Received a gift from Okawaru
 50922 | Swamp:1  | 50922 ||| SWAPPING to +2 war axe of flaming.
 50925 | Swamp:1  | 50925 ||| SWAPPING to +2 broad axe "Reezai" {antimagic,
                  | rElec rN+ Int-5}.
 50931 | Swamp:1  | 50931 ||| SWAPPING to +2 war axe of flaming.
 50937 | Swamp:1  | 50937 ||| Stepping ~*~*~tactically~*~*~ (hiding).
 50938 | Swamp:1  | 50938 ||| SWAPPING to +2 broad axe "Reezai" {antimagic,
                  | rElec rN+ Int-5}.
 51002 | Swamp:1  | 51002 ||| Stepping ~*~*~tactically~*~*~ (stealth).
 51259 | Swamp:2  | Identified the ring "Senovu" {rC+ Will++}
 51339 | Swamp:2  | 51339 ||| Stepping ~*~*~tactically~*~*~ (hiding).
 51350 | Swamp:2  | 51350 ||| Stepping ~*~*~tactically~*~*~ (cloud).
 51412 | Swamp:2  | Received a gift from Okawaru
 51453 | Swamp:2  | 51453 ||| INVOKING Heroism.
 51481 | Swamp:2  | 51481 ||| Stepping ~*~*~tactically~*~*~ (stealth).
 51497 | Swamp:2  | 51497 ||| Stepping ~*~*~tactically~*~*~ (hiding).
 51498 | Swamp:2  | 51498 ||| Stepping ~*~*~tactically~*~*~ (hiding).
 51500 | Swamp:2  | 51500 ||| Stepping ~*~*~tactically~*~*~ (hiding).
 51501 | Swamp:2  | 51501 ||| Stepping ~*~*~tactically~*~*~ (hiding).
 51502 | Swamp:2  | 51502 ||| Stepping ~*~*~tactically~*~*~ (hiding).
 51503 | Swamp:2  | 51503 ||| Stepping ~*~*~tactically~*~*~ (hiding).
 51631 | Swamp:2  | 51631 ||| SWAPPING to +2 war axe of flaming.
 51637 | Swamp:2  | 51637 ||| SWAPPING to +2 broad axe "Reezai" {antimagic,
                  | rElec rN+ Int-5}.
 51639 | Swamp:2  | 51639 ||| Stepping ~*~*~tactically~*~*~ (cloud).
 51672 | Swamp:2  | 51672 ||| Stepping ~*~*~tactically~*~*~ (hiding).
 51853 | Swamp:2  | Noticed Frances
 51854 | Swamp:2  | 51854 ||| INVOKING Heroism.
 51856 | Swamp:2  | 51856 ||| INVOKING Finesse.
 51866 | Swamp:2  | Killed Frances
 52034 | Swamp:2  | 52034 ||| Stepping ~*~*~tactically~*~*~ (hiding).
 52036 | Swamp:2  | 52036 ||| Stepping ~*~*~tactically~*~*~ (hiding).
 52118 | Swamp:2  | 52118 ||| Stepping ~*~*~tactically~*~*~ (hiding).
 52198 | Swamp:2  | 52198 ||| INVOKING Heroism.
 52343 | Swamp:2  | 52343 ||| DROPPING ring of willpower.
 52344 | Swamp:2  | 52344 ||| UPGRADING to ring "Senovu" {rC+ Will++}.
 52416 | Swamp:3  | 52416 ||| INVOKING Heroism.
 52419 | Swamp:3  | 52419 ||| SWAPPING to +2 war axe of flaming.
 52424 | Swamp:3  | 52424 ||| SWAPPING to +2 broad axe "Reezai" {antimagic,
                  | rElec rN+ Int-5}.
 52473 | Swamp:3  | 52473 ||| Stepping ~*~*~tactically~*~*~ (hiding).
 52475 | Swamp:3  | 52475 ||| Stepping ~*~*~tactically~*~*~ (hiding).
 52476 | Swamp:3  | 52476 ||| Stepping ~*~*~tactically~*~*~ (hiding).
 52477 | Swamp:3  | 52477 ||| Stepping ~*~*~tactically~*~*~ (hiding).
 52568 | Swamp:3  | 52568 ||| Stepping ~*~*~tactically~*~*~ (stealth).
 52570 | Swamp:3  | 52570 ||| Stepping ~*~*~tactically~*~*~ (hiding).
 52571 | Swamp:3  | 52571 ||| Stepping ~*~*~tactically~*~*~ (hiding).
 52575 | Swamp:3  | 52575 ||| INVOKING Heroism.
 52603 | Swamp:3  | 52603 ||| Stepping ~*~*~tactically~*~*~ (stealth).
 52605 | Swamp:3  | 52605 ||| Stepping ~*~*~tactically~*~*~ (stealth).
 52607 | Swamp:3  | 52607 ||| Stepping ~*~*~tactically~*~*~ (stealth).
 52609 | Swamp:3  | 52609 ||| Stepping ~*~*~tactically~*~*~ (stealth).
 52699 | Swamp:3  | 52699 ||| INVOKING Heroism.
 52907 | Swamp:3  | Identified the +0 battleaxe "Waegiw" {drain, rC+ Will+
                  | Dex+2} (Okawaru gifted it to you on level 3 of the Swamp)
 52907 | Swamp:3  | Received a gift from Okawaru
 52919 | Swamp:3  | 52919 ||| INVOKING Heroism.
 53017 | Swamp:3  | 53017 ||| SWAPPING to +2 war axe of flaming.
 53027 | Swamp:3  | 53027 ||| INVOKING Heroism.
 53039 | Swamp:3  | 53039 ||| SWAPPING to +2 broad axe "Reezai" {antimagic,
                  | rElec rN+ Int-5}.
 53115 | Swamp:3  | 53115 ||| DROPPING +3 broad axe.
 53277 | Swamp:3  | 53277 ||| PLANNING SPIDER:4
 53277 | Swamp:3  | 53277 ||| DROPPING scarf of invisibility.
 53437 | Spider:4 | Entered Level 4 of the Spider Nest
 53456 | Spider:4 | 53456 ||| Stepping ~*~*~tactically~*~*~ (hiding).
 53477 | Spider:4 | 53477 ||| FLEEEEING.
 53584 | Spider:4 | Reached skill level 18 in Axes
 53752 | Spider:4 | 53752 ||| INVOKING Finesse.
 53806 | Spider:4 | 53806 ||| Stepping ~*~*~tactically~*~*~ (stealth).
 53807 | Spider:4 | 53807 ||| Stepping ~*~*~tactically~*~*~ (stealth).
 53808 | Spider:4 | 53808 ||| Stepping ~*~*~tactically~*~*~ (stealth).
 53816 | Spider:4 | 53816 ||| INVOKING Finesse.
 53910 | Spider:4 | Found a runed translucent gate.
 53910 | Spider:4 | Found a runed translucent gate.
 53910 | Spider:4 | Found a runed translucent gate.
 53916 | Spider:4 | Noticed cfbundy's ghost (adept FoFi)
 54123 | Spider:4 | 54123 ||| INVOKING Finesse.
 54179 | Spider:4 | 54179 ||| Stepping ~*~*~tactically~*~*~ (stealth).
 54275 | Spider:4 | 54275 ||| Stepping ~*~*~tactically~*~*~ (hiding).
 54297 | Spider:4 | 54297 ||| Stepping ~*~*~tactically~*~*~ (hiding).
 54316 | Spider:4 | 54316 ||| FLEEEEING.
 54317 | Spider:4 | 54317 ||| INVOKING Heroism.
 54323 | Spider:4 | Reached XP level 18. HP: 79/115 MP: 6/25
 54353 | Spider:4 | 54353 ||| DROPPING +2 war axe of flaming.
 54367 | Spider:4 | 54367 ||| INVOKING Heroism.
 54429 | Spider:4 | 54429 ||| INVOKING Heroism.
 54478 | Spider:4 | 54478 ||| FLEEEEING.
 54479 | Spider:4 | 54479 ||| FLEEEEING.
 54480 | Spider:4 | 54480 ||| FLEEEEING.
 54481 | Spider:4 | 54481 ||| FLEEEEING.
 54482 | Spider:4 | 54482 ||| Stepping ~*~*~tactically~*~*~ (hiding).
 54531 | Spider:4 | 54531 ||| Stepping ~*~*~tactically~*~*~ (stealth).
 54552 | Spider:4 | 54552 ||| FLEEEEING.
 54553 | Spider:4 | 54553 ||| FLEEEEING.
 54554 | Spider:4 | 54554 ||| FLEEEEING.
 54555 | Spider:4 | 54555 ||| FLEEEEING.
 54556 | Spider:4 | 54556 ||| FLEEEEING.
 54557 | Spider:4 | 54557 ||| FLEEEEING.
 54558 | Spider:4 | 54558 ||| FLEEEEING.
 54615 | Spider:4 | Reached skill level 18 in Shields
 54659 | Spider:4 | 54659 ||| INVOKING Heroism.
 54660 | Spider:4 | 54660 ||| Stepping ~*~*~tactically~*~*~ (stealth).
 54661 | Spider:4 | 54661 ||| Stepping ~*~*~tactically~*~*~ (stealth).
 54686 | Spider:4 | 54686 ||| Stepping ~*~*~tactically~*~*~ (stealth).
 54703 | Spider:4 | 54703 ||| Stepping ~*~*~tactically~*~*~ (stealth).
 54724 | Spider:4 | Received a gift from Okawaru
 54754 | Spider:4 | 54754 ||| INVOKING Heroism.
 54757 | Spider:4 | 54757 ||| Stepping ~*~*~tactically~*~*~ (hiding).
 54758 | Spider:4 | 54758 ||| Stepping ~*~*~tactically~*~*~ (hiding).
 54768 | Spider:4 | 54768 ||| INVOKING Heroism.
 54805 | Spider:4 | HP: 29/116 [broodmother (8)]
 54806 | Spider:4 | 54806 ||| READING 6 scrolls of teleportation.
 54807 | Spider:4 | 54807 ||| DRINKING 4 potions of heal wounds.
 54896 | Spider:4 | 54896 ||| INVOKING Heroism.
 54902 | Spider:4 | Received a gift from Okawaru
 54917 | Spider:4 | 54917 ||| Stepping ~*~*~tactically~*~*~ (stealth).
 54953 | Spider:4 | Got a gossamer rune of Zot
 55305 | Spider:4 | 55305 ||| PLANNING VAULTS:1-4
 55305 | Spider:4 | 55305 ||| DROPPING +2 pair of gloves of stealth.
 55306 | Spider:4 | 55306 ||| DROPPING +2 hat.
 55307 | Spider:4 | 55307 ||| DROPPING scarf of invisibility.
 55698 | Vaults:1 | Entered Level 1 of the Vaults
 55922 | Vaults:1 | Reached skill level 15 in Fighting
 55994 | Vaults:1 | 55994 ||| Stepping ~*~*~tactically~*~*~ (hiding).
 55995 | Vaults:1 | 55995 ||| Stepping ~*~*~tactically~*~*~ (hiding).
 56010 | Vaults:1 | Received a gift from Okawaru
 56053 | Vaults:1 | 56053 ||| Stepping ~*~*~tactically~*~*~ (hiding).
 56055 | Vaults:1 | 56055 ||| Stepping ~*~*~tactically~*~*~ (hiding).
 56056 | Vaults:1 | 56056 ||| Stepping ~*~*~tactically~*~*~ (hiding).
 56164 | Vaults:1 | 56164 ||| Stepping ~*~*~tactically~*~*~ (stealth).
 56165 | Vaults:1 | 56165 ||| Stepping ~*~*~tactically~*~*~ (stealth).
 56302 | Vaults:1 | Identified the +6 dagger "Dragonslayer" {heavy, *Slow rElec
                  | rC+ Str+4}
 56486 | Vaults:1 | 56486 ||| Stepping ~*~*~tactically~*~*~ (stealth).
 56487 | Vaults:1 | 56487 ||| INVOKING Heroism.
 56490 | Vaults:1 | Noticed a lich
 56508 | Vaults:1 | 56508 ||| READING scroll labelled QININ LYXI.
 56536 | Vaults:1 | 56536 ||| INVOKING Heroism.
 56547 | Vaults:1 | Killed a lich
 56597 | Vaults:1 | Received a gift from Okawaru
 56785 | Vaults:2 | Noticed Boris
 56789 | Vaults:2 | 56789 ||| INVOKING Heroism.
 56804 | Vaults:2 | Killed Boris
 56832 | Vaults:2 | Identified the +7 shortbow of Zaneh {heavy, rF+ Will-
                  | Str+4}
 56981 | Vaults:2 | 56981 ||| Stepping ~*~*~tactically~*~*~ (stealth).
 56983 | Vaults:2 | 56983 ||| Stepping ~*~*~tactically~*~*~ (stealth).
 57087 | Vaults:2 | 57087 ||| Stepping ~*~*~tactically~*~*~ (hiding).
 57091 | Vaults:2 | 57091 ||| Stepping ~*~*~tactically~*~*~ (hiding).
 57289 | Vaults:2 | 57289 ||| INVOKING Heroism.
 57364 | Vaults:2 | 57364 ||| FLEEEEING.
 57382 | Vaults:2 | Reached XP level 19. HP: 96/124 MP: 8/26
 57383 | Vaults:2 | 57383 ||| INVOKING Heroism.
 57391 | Vaults:2 | HP: 28/124 [deep troll[an ironbound preserver] (5)]
 57392 | Vaults:2 | 57392 ||| READING 5 scrolls of teleportation.
 57393 | Vaults:2 | 57393 ||| DRINKING 3 potions of heal wounds.
 57395 | Vaults:2 | Received a gift from Okawaru
 57400 | Vaults:2 | HP: 23/125 [ironbound preserver/+0 flail (15)]
 57401 | Vaults:2 | 57401 ||| READING 4 scrolls of teleportation.
 57402 | Vaults:2 | 57402 ||| DRINKING 2 potions of heal wounds.
 57564 | Vaults:2 | Found a transporter.
 57667 | Vaults:2 | 57667 ||| Stepping ~*~*~tactically~*~*~ (hiding).
 57834 | Vaults:2 | Received a gift from Okawaru
 57838 | Vaults:2 | 57838 ||| INVOKING Heroism.
 57893 | Vaults:2 | 57893 ||| Stepping ~*~*~tactically~*~*~ (stealth).
 57901 | Vaults:2 | 57901 ||| Stepping ~*~*~tactically~*~*~ (hiding).
 58020 | Vaults:2 | 58020 ||| Stepping ~*~*~tactically~*~*~ (hiding).
 58079 | Vaults:2 | 58079 ||| Stepping ~*~*~tactically~*~*~ (stealth).
 58196 | Vaults:2 | 58196 ||| Stepping ~*~*~tactically~*~*~ (stealth).
 58380 | Vaults:2 | Reached skill level 19 in Shields
 58495 | Vaults:2 | 58495 ||| Stepping ~*~*~tactically~*~*~ (hiding).
 58510 | Vaults:2 | 58510 ||| DROPPING +1 pair of gloves.
 58630 | Vaults:3 | 58630 ||| FLEEEEING.
 58635 | Vaults:3 | Identified the ring of Zin's Supremacy {rC+ Int+6}
 58638 | Vaults:3 | 58638 ||| INVOKING Heroism.
 58702 | Vaults:3 | 58702 ||| Stepping ~*~*~tactically~*~*~ (stealth).
 58703 | Vaults:3 | 58703 ||| Stepping ~*~*~tactically~*~*~ (stealth).
 58724 | Vaults:3 | Received a gift from Okawaru
 58762 | Vaults:3 | 58762 ||| INVOKING Heroism.
 58853 | Vaults:3 | Received a gift from Okawaru
 59173 | Vaults:3 | 59173 ||| Stepping ~*~*~tactically~*~*~ (stealth).
 59175 | Vaults:3 | 59175 ||| Stepping ~*~*~tactically~*~*~ (stealth).
 59183 | Vaults:3 | Reached skill level 15 in Armour
 59194 | Vaults:3 | 59194 ||| INVOKING Heroism.
 59349 | Vaults:3 | Reached skill level 9 in Throwing
 59511 | Vaults:3 | 59511 ||| Stepping ~*~*~tactically~*~*~ (hiding).
 59538 | Vaults:3 | 59538 ||| INVOKING Heroism.
 59609 | Vaults:3 | Found a staircase to the Crypt.
 59735 | Vaults:3 | 59735 ||| Stepping ~*~*~tactically~*~*~ (stealth).
 59860 | Vaults:3 | 59860 ||| INVOKING Heroism.
 59861 | Vaults:3 | Received a gift from Okawaru
 59952 | Vaults:4 | Received a gift from Okawaru
 59963 | Vaults:4 | 59963 ||| STAIRDANCE
 60014 | Vaults:4 | 60014 ||| INVOKING Finesse.
 60065 | Vaults:4 | 60065 ||| FLEEEEING.
 60066 | Vaults:4 | 60066 ||| FLEEEEING.
 60067 | Vaults:4 | 60067 ||| FLEEEEING.
 60068 | Vaults:4 | 60068 ||| FLEEEEING.
 60069 | Vaults:4 | 60069 ||| FLEEEEING.
 60070 | Vaults:4 | 60070 ||| FLEEEEING.
 60071 | Vaults:4 | 60071 ||| FLEEEEING.
 60072 | Vaults:4 | 60072 ||| FLEEEEING.
 60073 | Vaults:4 | 60073 ||| FLEEEEING.
 60074 | Vaults:4 | 60074 ||| FLEEEEING.
 60075 | Vaults:4 | 60075 ||| FLEEEEING.
 60076 | Vaults:4 | 60076 ||| FLEEEEING.
 60092 | Vaults:4 | Reached XP level 20. HP: 134/134 MP: 7/27
 60133 | Vaults:4 | 60133 ||| INVOKING Heroism.
 60134 | Vaults:4 | 60134 ||| INVOKING Finesse.
 60284 | Vaults:4 | 60284 ||| Stepping ~*~*~tactically~*~*~ (hiding).
 60356 | Vaults:4 | 60356 ||| Stepping ~*~*~tactically~*~*~ (hiding).
 60387 | Vaults:4 | Identified the ring of Zuog {rF- rN+ Will+ rCorr}
 60387 | Vaults:4 | 60387 ||| INVOKING Heroism.
 60461 | Vaults:4 | Noticed Zenata
 60462 | Vaults:4 | 60462 ||| INVOKING Heroism.
 60463 | Vaults:4 | 60463 ||| INVOKING Finesse.
 60499 | Vaults:4 | Killed Zenata
 60706 | Vaults:4 | 60706 ||| Stepping ~*~*~tactically~*~*~ (stealth).
 60708 | Vaults:4 | 60708 ||| Stepping ~*~*~tactically~*~*~ (stealth).
 60711 | Vaults:4 | 60711 ||| Stepping ~*~*~tactically~*~*~ (stealth).
 60717 | Vaults:4 | 60717 ||| INVOKING Heroism.
 60749 | Vaults:4 | Received a gift from Okawaru
 60844 | Vaults:4 | Found a runed translucent gate.
 60844 | Vaults:4 | Found a runed translucent gate.
 60844 | Vaults:4 | Found a runed translucent gate.
 60847 | Vaults:4 | Noticed hyperkahler's ghost (veteran MiFi)
 60932 | Vaults:4 | 60932 ||| Stepping ~*~*~tactically~*~*~ (hiding).
 60937 | Vaults:4 | 60937 ||| Stepping ~*~*~tactically~*~*~ (hiding).
 60986 | Vaults:4 | 60986 ||| READING scroll of enchant armour.
 60986 | Vaults:4 | 60986 ||| ENCHANTING +1 pearl dragon scales.
 61115 | Vaults:4 | 61115 ||| INVOKING Heroism.
 61191 | Vaults:4 | 61191 ||| Stepping ~*~*~tactically~*~*~ (stealth).
 61192 | Vaults:4 | 61192 ||| Stepping ~*~*~tactically~*~*~ (stealth).
 61213 | Vaults:4 | Identified the +0 robe "Fyeshof" {rN++ Int+2}
 61280 | Vaults:4 | 61280 ||| INVOKING Heroism.
 61290 | Vaults:4 | HP: 34/136 [vault warden/+4 long sword of electrocution
                  | (23)]
 61291 | Vaults:4 | 61291 ||| READING 3 scrolls of teleportation.
 61292 | Vaults:4 | 61292 ||| DRINKING potion of heal wounds.
 61401 | Vaults:4 | 61401 ||| Stepping ~*~*~tactically~*~*~ (hiding).
 61485 | Vaults:4 | 61485 ||| Stepping ~*~*~tactically~*~*~ (hiding).
 61487 | Vaults:4 | 61487 ||| Stepping ~*~*~tactically~*~*~ (hiding).
 61488 | Vaults:4 | 61488 ||| Stepping ~*~*~tactically~*~*~ (hiding).
 61491 | Vaults:4 | Reached skill level 18 in Fighting
 61685 | Vaults:4 | 61685 ||| PLANNING SWAMP:4
 61685 | Vaults:4 | 61685 ||| DROPPING +1 chain mail of cold resistance.
 61686 | Vaults:4 | 61686 ||| READING scroll labelled TIAKLO GOPS.
 61881 | Vaults:1 | 61881 ||| Stepping ~*~*~tactically~*~*~ (stealth).
 61882 | Vaults:1 | 61882 ||| Stepping ~*~*~tactically~*~*~ (stealth).
 61883 | Vaults:1 | 61883 ||| Stepping ~*~*~tactically~*~*~ (stealth).
 61890 | Vaults:1 | Received a gift from Okawaru
 62266 | Swamp:4  | Entered Level 4 of the Swamp
 62385 | Swamp:4  | 62385 ||| INVOKING Heroism.
 62529 | Swamp:4  | Received a gift from Okawaru
 62549 | Swamp:4  | Reached skill level 20 in Shields
 62551 | Swamp:4  | 62551 ||| INVOKING Heroism.
 62551 | Swamp:4  | HP: 25/136 [seven-headed hydra[a spriggan druid] (15)]
 62552 | Swamp:4  | 62552 ||| READING 2 scrolls of teleportation.
 62552 | Swamp:4  | HP: 9/136 [seven-headed hydra[a spriggan druid] (6)]
 62552 | Swamp:4  | Slain by a swamp dragon

Levels and vault maps discovered:
D:1:      dpeg_arrival_simpleton_c, layout_basic, hex_medium
D:2:      layout_basic, serial_shops, shop,
          shapermc_ecumenical_altar_starsandcircs
D:3:      layout_basic, ebering_ghost_inner_flame, uniq_natasha, uniq_jessica
D:4:      layout_basic, lemuel_doored_altar, portal_sewer_entry_f
D:5:      kennysheep_steamy, layout_basic, minmay_temple_entry_oklob,
          nicolae_goblin_pals, uniq_eustachio
D:6:      layout_basic, xom_butterflies
D:7:      minmay_the_grid_octo_tiled_squarecenter [minmay_the_grid_octo_focus,
          minmay_the_grid_octo_toaster, minmay_the_grid_octo_shrine,
          minmay_the_grid_octo_teeth,
          minmay_the_grid_square_5x5_megaprize_diamond,
          minmay_the_grid_square_5x5_empty, minmay_the_grid_square_5x5_minimal,
          minmay_the_grid_square_5x5_shuriken,
          minmay_the_grid_square_5x5_eight_small], layout_basic, serial_demonic,
          serial_demonic_e, serial_demonic_e, serial_demonic_g,
          serial_demonic_b, serial_demonic_c, serial_demonic_c,
          kennysheep_small_square, uniq_pikel, uniq_duvessa
D:8:      layout_loops_ring, grunt_lair_entry_orc_guard_hut, serial_shops,
          kennysheep_little_box
D:9:      old_forge, layout_loops_ring, nicolae_overflow_squiral
D:10:     layout_gridville, nicolae_overflow_crystal_walls, serial_glass,
          glass_columns_a, glass_columns_b, nicolae_shop_fire_sale
          [nicolae_sub_dead_trees], guppyfry_shop_venom, uniq_erica
D:11:     layout_basic, erik_orc_4, uniq_psyche
D:12:     layout_roguey, serial_co_window_serial, co_window_paths_b,
          co_window_corner_a, co_window_paths_a, co_window_corner_a,
          co_window_paths_b, co_window_paths_b, co_window_corner_a,
          co_window_unsneaky_path_a, co_window_broadway_c, co_window_corner_cb,
          co_window_sun, glass_columns_b, glass_columns_a,
          kennysheep_generic_room_13, uniq_urug
D:13:     layout_grid_maze, ebering_ghost_xom
D:14:     layout_stronghold, grunt_vaults_entry_tiered, hex_tiny, uniq_rupert,
          uniq_louise
D:15:     gammafunk_enter_depths_forms, layout_layer_cave, basic_altar
Temple:   minmay_crystal_spiral_temple
Lair:1:   statuecave_lemuel, layout_cave_pods
Lair:2:   layout_gridlike, dummy_spider_entry
Lair:3:   layout_roguey, nicolae_swamp_entry_spooky,
          dreamdust_deal_with_the_devil, lemuel_fruit_fields
Lair:4:   layout_long_grid, dpeg_slime_entry_enclosed, serial_bayou_shore_b,
          grunt_megastairs_3
Lair:5:   due_jungle_book, layout_cellular_growth
Swamp:1:  layout_basic_swamp, evilmike_swamp_ruin_house_1, swamp_pool1,
          nicolae_swamp_soggy_hallways, infiniplex_staircase_pool
Swamp:2:  layout_falls_marsh, hangedman_swamp_cone, swamp_pool4,
          hangedman_swamp_ravenous, uniq_frances
Swamp:3:  layout_basic_swamp, nicolae_swamp_trees_clearing, swamp_pool2,
          nicolae_swamp_necromancy_gone_wrong
Swamp:4:  swamp_alternative, layout_basic_swamp, swamp_pool1,
          infiniplex_staircase_pool_2
Spider:1: layout_spider_delve
Spider:2: layout_spider_delve
Spider:3: layout_chambers, einodemon_crawler_minivault
Spider:4: hellmonk_spider_rune_endless_swarm, gammafunk_ghost_necromancy,
          drop_trap
Orc:1:    layout_diamond_mine, rock_pile
Orc:2:    st_orc_rangers, layout_diamond_mine, basic_altar,
          nicolae_orc_lost_temple
Vaults:1: hangedman_vaults_cutoff, nicolae_vaults_security_offices_2, v_misc_28,
          hangedman_vaults_impose, nicolae_vaults_storage_room_glass,
          nicolae_vaults_wine_cellar, layout_vaults_big_room
Vaults:2: v_rooms_6, emtedronai_trogs_sanctum,
          nicolae_vaults_network_quinsquares
          [nicolae_vaults_network_quincunx_subvault,
          nicolae_vaults_network_quincunx_subvault,
          nicolae_vaults_network_quincunx_subvault,
          nicolae_vaults_network_quincunx_subvault],
          vaults_standard_mumra_enter_the_diamond,
          vaults_standard_mumra_enter_the_diamond, grunt_vaults_focal,
          layout_vaults_omnigrid, uniq_boris
Vaults:3: nicolae_vaults_double_plus_3, v_misc_14,
          nicolae_vaults_ninety_degrees, v_misc_18, nicolae_vaults_gold_heap,
          ontoclasm_vaults_gateway, minmay_crypt_entry_simple_plaza,
          nicolae_vaults_rhombus_6, nicolae_vaults_display_case,
          nicolae_vaults_surprise_closet, nicolae_vaults_border_crossing,
          vaults_room_fours, v_rooms_6, nicolae_vaults_apartment_2,
          layout_vaults_omnicross
Vaults:4: gammafunk_ghost_tricky_traps, nicolae_vaults_diffraction_hallways,
          nicolae_vaults_stairing_the_circle, nicolae_vaults_surprise_closet,
          nicolae_vaults_storage_closets_2, nicolae_vaults_oval_intersection,
          nicolae_vaults_storage_closets_1, hangedman_vaults_pinch,
          ontoclasm_vaults_eye, vaults_mumra_chevron, vaults_dpeg_spiral,
          nicolae_vaults_diamond_2, layout_vaults_omnibox, uniq_zenata

Skill      XL: |  1  2  3  4  5  6  7  8  9 10 11 12 13 14 15 16 17 18 19 20 |
---------------+-------------------------------------------------------------+-----
Axes           | 2 3 4 5 6 7 9 10 11 13 14 15 16 17 18 | 18.0
Fighting       | 4 5 6 8 9 10 11 12 13 15 17 18 | 18.0
Dodging        | 1 2 3 4 |  4.1
Throwing       | 1 2 5 6 7 8 9 10 | 10.0
Shields        | 4 5 6 7 8 10 15 17 18 19 20 | 20.0
Armour         | 4 5 7 9 10 11 12 14 15 16 | 16.0
Invocations    | 3 4 8 10 | 10.0

Action                     |  1- 3 |  4- 6 |  7- 9 | 10-12 | 13-15 | 16-18 | 19-21 || total
---------------------------+-------+-------+-------+-------+-------+-------+-------++-------
  Melee: War axe           |   125 |   164 |   180 |   549 |   643 |    42 |       ||  1703
         Eveningstar       |       |       |       |       |    15 |       |       ||    15
         Broad axe         |       |       |       |       |   407 |  1909 |  1009 ||  3325
  Throw: Boomerang         |       |       |    10 |   105 |   109 |   123 |    15 ||   362
         Javelin           |       |       |       |       |    74 |   214 |    80 ||   368
 Invoke: Heroism           |       |       |       |    14 |    34 |    31 |    15 ||    94
         Finesse           |       |       |       |       |     4 |     8 |     3 ||    15
    Use: Scroll            |     4 |     5 |     6 |     8 |     9 |     3 |     6 ||    41
         Potion            |     1 |     4 |     4 |     3 |     3 |     2 |     3 ||    20
   Stab: Held in net/web   |       |       |       |     1 |       |       |       ||     1
 Armour: Scale mail        |    62 |    84 |   145 |    67 |       |       |       ||   358
         Fire dragon scale |       |       |       |   196 |   205 |       |       ||   401
         Pearl dragon scal |       |       |       |       |   283 |   899 |   495 ||  1677
  Dodge: Dodged            |    58 |    57 |   131 |   219 |   294 |   471 |   224 ||  1454
  Block: Buckler           |    22 |    17 |    56 |   193 |   379 |       |       ||   667
         Reflection        |       |       |       |     2 |     8 |   145 |    26 ||   181
         Tower shield      |       |       |       |       |    44 |  2068 |   994 ||  3106

Table legend:
 A = Non-vault XP
 B = Vault XP
 C = Vault XP percentage of total XP
 D = Non-vault monster count
 E = Vault monster count
 F = Vault count percentage of total count
                 A         B        C        D         E       F
            +---------+---------+-------+---------+---------+-------
      Total |  296805 |  163006 |  35.5 |     908 |     397 |  30.4
            +---------+---------+-------+---------+---------+-------
        D:1 |      27 |       0 |   0.0 |      15 |       0 |   0.0
        D:2 |      48 |       0 |   0.0 |      21 |       0 |   0.0
        D:3 |     249 |      72 |  22.4 |      19 |       2 |   9.5
        D:4 |      26 |      10 |  27.8 |       9 |       5 |  35.7
        D:5 |     811 |     654 |  44.6 |      20 |      11 |  35.5
        D:6 |     777 |       0 |   0.0 |      17 |       0 |   0.0
        D:7 |     914 |    4819 |  84.1 |      19 |      38 |  66.7
        D:8 |    1330 |     599 |  31.1 |      24 |       5 |  17.2
        D:9 |    3485 |     289 |   7.7 |      41 |      10 |  19.6
       D:10 |    2057 |    1016 |  33.1 |      29 |       3 |   9.4
       D:11 |    4439 |     790 |  15.1 |      19 |      17 |  47.2
       D:12 |    5385 |    1102 |  17.0 |      13 |       3 |  18.8
       D:13 |    5705 |       0 |   0.0 |      13 |       0 |   0.0
       D:14 |   14360 |   12450 |  46.4 |      38 |      27 |  41.5
       D:15 |   11426 |    4989 |  30.4 |      24 |      10 |  29.4
     Lair:1 |    6041 |       0 |   0.0 |      31 |       0 |   0.0
     Lair:2 |    5840 |       0 |   0.0 |      31 |       0 |   0.0
     Lair:3 |    6122 |    3089 |  33.5 |      25 |       7 |  21.9
     Lair:4 |    8628 |    1935 |  18.3 |      17 |       3 |  15.0
     Lair:5 |   11413 |   14599 |  56.1 |      38 |      28 |  42.4
    Swamp:1 |    8714 |    1968 |  18.4 |      16 |       3 |  15.8
    Swamp:2 |    6560 |    8521 |  56.5 |      12 |      14 |  53.8
    Swamp:3 |   13375 |     973 |   6.8 |      28 |       3 |   9.7
    Swamp:4 |    4825 |    2147 |  30.8 |       9 |       3 |  25.0
   Spider:1 |   12091 |       0 |   0.0 |      44 |       0 |   0.0
   Spider:2 |   17888 |       0 |   0.0 |      46 |       0 |   0.0
   Spider:3 |   10909 |    2705 |  19.9 |      29 |       5 |  14.7
   Spider:4 |   19766 |   18949 |  48.9 |      46 |      38 |  45.2
      Orc:1 |    1740 |     835 |  32.4 |      26 |       5 |  16.1
      Orc:2 |    2527 |    4925 |  66.1 |      31 |      42 |  57.5
   Vaults:1 |   23776 |    7814 |  24.7 |      35 |      11 |  23.9
   Vaults:2 |   34369 |   12598 |  26.8 |      47 |      12 |  20.3
   Vaults:3 |   21398 |   24933 |  53.8 |      28 |      31 |  52.5
   Vaults:4 |   29784 |   30037 |  50.2 |      48 |      33 |  40.7
      Sewer |       0 |     188 | 100.0 |       0 |      28 | 100.0
            +---------+---------+-------+---------+---------+-------
